 Dungeon Crawl Stone Soup version 0.30-a0-210-g01b79a254e (webtiles) character file.

Game seed: 7272409639132279106

3189270 sleeves the Demonspawn of Death (level 27, 226/226 HPs)
             Began as a Demonspawn Fighter on Oct 4, 2022.
             Was the Champion of Makhleb.
             Escaped with the Orb
             ... and 5 runes!
             The game lasted 03:19:59 (71331 turns).

sleeves the Demonspawn of Death (DsFi)             Turns: 71331, Time: 03:20:00

Health: 226/226    AC: 34    Str: 22      XL:     27
Magic:  37/37      EV: 23    Int: 12 (17) God:    Makhleb [******]
Gold:   5921       SH:  8    Dex: 24      Spells: 1/56 levels left

rFire   + + +      SeeInvis .      - Unarmed
rCold   + + +      Faith    .    (no shield)
rNeg    . . .      Spirit   .    l - +9 ice dragon scales
rPois   .          Reflect  .    (helmet unavailable)
rElec   .          Harm     .    V - +1 cloak of Starlight {*Dazzle EV+4 Stlth--}
rCorr   .          Rampage  .    (gloves unavailable)
Will    +++..                    (boots unavailable)
Stlth   ..........               n - amulet of Syuri {Acrobat rF+ Dex+7}
HPRegen 0.57/turn                Q - ring "Edopt" {rF+ Str+3 Slay+4}
MPRegen 0.25/turn                f - ring "Edoecwont" {rF++ Will+}

@: studying 2 skills
A: hooves 3, horns 3, icemail 2, powered by death 3, black mark, condensation
shield, bedeviling, aura of silence, demonic touch 3, large bone plates 1, cold
resistance 1, low MP 1
0: Orb of Zot
}: 5/15 runes: serpentine, barnacled, slimy, silver, abyssal
a: Renounce Religion, Minor Destruction, Lesser Servant of Makhleb, Major
Destruction, Greater Servant of Makhleb


You escaped.
You worshipped Makhleb.
Makhleb was exalted by your worship.
You visited 13 branches of the dungeon, and saw 57 of its levels.
You visited the Abyss 3 times.
You also visited: Trove, Gauntlet and Volcano.

You collected 14382 gold pieces.
You spent 8461 gold pieces at shops.

Inventory:

Hand Weapons
 u - the +8 demon trident "Rift" {distort, reach+}
   (You found it on level 3 of the Snake Pit)

   It warps and distorts space around it, and may blink, banish, or inflict
   extra damage upon those it strikes.
   Unwielding it can cause banishment or high damage.
   It can reach especially far, and its reaching attacks ignore other creatures
   in the way.
Missiles
 C - 4 throwing nets
Armour
 b - a +8 tower shield of reflection
   (You took it off a draconian knight on level 4 of the Realm of Zot)
 l - +9 ice dragon scales (worn)
   (You found it on level 4 of the Depths)
 R - a +2 robe of willpower
   (You took it off an orc sorcerer on level 2 of the Orcish Mines)
 V - the +1 cloak of Starlight (worn) {*Dazzle EV+4 Stlth--}
   (You bought it in a shop on level 1 of the Snake Pit)

   It may blind those who miss an attack against the wearer in melee combat.
   EV:        It affects your evasion (+4).
   Stlth:     It makes you much less stealthy.
Jewellery
 f - the ring "Edoecwont" (right hand) {rF++ Will+}
   (You bought it in a shop on level 11 of the Dungeon)

   [ring of willpower]

   rF:        It greatly protects you from fire.
   Will:      It increases your willpower.
 j - a ring of fire
   (You found it on level 5 of the Realm of Zot)
 m - the ring of the Hare {EV+8}
   (You found it on level 4 of the Snake Pit)

   [ring of evasion]

   EV:        It affects your evasion (+8).
 n - the amulet of Syuri (around neck) {Acrobat rF+ Dex+7}
   (You found it on level 1 of the Shoals)

   [amulet of the acrobat]

   It increases your evasion while moving and waiting.
   Dex:       It affects your dexterity (+7).
   rF:        It protects you from fire.
 w - the ring of the Circus Animal {rElec Will+}
   (You found it on level 1 of the Orcish Mines)

   [ring of willpower]

   rElec:     It insulates you from electricity.
   Will:      It increases your willpower.
 G - the ring "Faffaug" {rN+ Int+4}
   (You found it on level 3 of the Crypt)

   [ring of positive energy]

   Int:       It affects your intelligence (+4).
   rN:        It protects you from negative energy.
 L - a ring of protection from cold
   (You found it on level 1 of the Shoals)
 Q - the ring "Edopt" (left hand) {rF+ Str+3 Slay+4}
   (You took it off a minotaur in a Gauntlet)

   [ring of slaying]

   Str:       It affects your strength (+3).
   Slay:      It affects your accuracy & damage with ranged weapons and melee
   (+4).
   rF:        It protects you from fire.
 W - the ring of Pasepsea {rPois Slay+3 SInv}
   (You found it on level 2 of the Vaults)

   [ring of poison resistance]

   Slay:      It affects your accuracy & damage with ranged weapons and melee
   (+3).
   rPois:     It protects you from poison.
   SInv:      It lets you see invisible.
 X - the amulet of the Ornamental Lemon {Reflect Str+4 SH+5}
   (You found it on level 3 of the Depths)

   [amulet of reflection]

   It reflects blocked missile attacks.
   Str:       It affects your strength (+4).
   SH:        It affects your SH (+5).
 Y - a ring of resist corrosion
   (You found it on level 2 of the Lair of Beasts)
 Z - the ring of the Barnacle {Fly MP+9 Int+3}
   (You found it in a Gauntlet)

   [ring of flight]

   Int:       It affects your intelligence (+3).
   MP:        It affects your magic capacity (+9).
   Fly:       It grants you flight.
Wands
 c - a wand of digging (15)
   (You found it on level 4 of the Dungeon)
 o - a wand of iceblast (30)
   (You found it on level 3 of the Vaults)
 S - a wand of acid (23)
   (You found it on level 3 of the Snake Pit)
Scrolls
 e - 7 scrolls of butterflies
 x - 9 scrolls of amnesia
 F - 2 scrolls of torment
 I - 4 scrolls of summoning
 K - 8 scrolls of fear
 M - 12 scrolls of immolation
 N - 6 scrolls of vulnerability
 O - 21 scrolls of teleportation
 P - 9 scrolls of magic mapping
 U - 4 scrolls of silence
Potions
 a - 6 potions of berserk rage
 d - 5 potions of might
 g - 36 potions of curing
 h - 10 potions of ambrosia
 k - 3 potions of invisibility
 p - 4 potions of cancellation
 q - 6 potions of haste
 s - 11 potions of magic
 t - 14 potions of lignification
 v - 11 potions of attraction
 z - 8 potions of flight
 A - 7 potions of mutation
 B - 6 potions of brilliance
 H - 14 potions of heal wounds
 J - 7 potions of resistance
Miscellaneous
 r - a phial of floods
   (You found it on level 4 of the Shoals)
 y - a phantom mirror
   (You found it on level 4 of the Lair of Beasts)
 E - a lightning rod (4/4)
   (You found it in a Gauntlet)


   Skills:
 - Level 20.7 Fighting
 - Level 3.2 Polearms
 + Level 15.0 Armour
 - Level 12.0 Dodging
 + Level 14.5 Shields
 - Level 20.3 Unarmed Combat
 - Level 15.0 Spellcasting
 O Level 27 Necromancy
 - Level 14.0 Translocations
 - Level 15.0 Transmutations
 - Level 15.0 Earth Magic
 - Level 16.0 Invocations


You had one spell level left.
You knew the following spells:

 Your Spells              Type           Power      Damage    Failure   Level
a - Statue Form           Tmut/Erth      30%        N/A       5%          6
b - Death Channel         Necr           32%        N/A       1%          6
c - Infestation           Necr           32%        N/A       1%          8
d - Lesser Beckoning      Tloc           84%        N/A       1%          3
e - Apportation           Tloc           84%        N/A       1%          1
f - Passage of Golubria   Tloc           42%        N/A       1%          4
g - Manifold Assault      Tloc           42%        N/A       1%          4
h - Necromutation         Tmut/Necr      28%        N/A       19%         8
i - Dispersal             Tloc           21%        N/A       8%          6
j - Death's Door          Necr           32%        N/A       26%         9

Your spell library contained the following spells:

 Spells                   Type           Power      Damage    Failure   Level
 Necrotise                Necr           100%       1d9       0%          1
 Kiss of Death            Conj/Necr      100%       2d13      1%          1
 Sting                    Tmut/Pois      100%       1d8       1%          1
 Freeze                   Ice            36%        1d6       16%         1
 Magic Dart               Conj           36%        1d4       16%         1
 Slow                     Hex            52%        N/A       16%         1
 Summon Small Mammal      Summ           36%        N/A       16%         1
 Sublimation of Blood     Necr           65%        N/A       0%          2
 Vampiric Draining        Necr           65%        2d10      0%          3
 Animate Dead             Necr           65%        N/A       0%          4
 Dispel Undead            Necr           65%        3d22      0%          4
 Agony                    Necr           65%        N/A       0%          5
 Blink                    Tloc           84%        N/A       1%          2
 Cigotuvi's Dreadful Rot  Necr/Pois/Air  60%        N/A       1%          2
 Momentum Strike          Conj/Tloc      50%        3d9       1%          2
 Passwall                 Tmut/Erth      37%        N/A       1%          2
 Wereblood                Tmut           45%        N/A       1%          2
 Gell's Gravitas          Tloc           42%        N/A       1%          3
 Teleport Other           Tloc           42%        N/A       1%          3
 Anguish                  Hex/Necr       29%        N/A       1%          4
 Petrify                  Tmut/Erth      45%        N/A       1%          4
 Blade Hands              Tmut           22%        N/A       1%          5
 Borgnjor's Vile Clutch   Necr/Erth      28%        N/A       1%          5
 Lee's Rapid Deconstruct  Erth           22%        3d14*     1%          5
 Portal Projectile        Hex/Tloc       76%        N/A       2%          3
 Spider Form              Tmut/Pois      27%        N/A       2%          3
 Stone Arrow              Conj/Erth      54%        3d10      2%          3
 Vhi's Electric Charge    Tloc/Air       50%        N/A       2%          3
 Ignite Poison            Fire/Tmut/Pois 21%        N/A       6%          3
 Kindle Blastsparks       Fire/Tloc/Air  40%        2d13      7%          3
 Animate Armour           Summ/Erth      54%        N/A       8%          4
 Ice Form                 Ice/Tmut       27%        N/A       8%          4
 Leda's Liquefaction      Hex/Erth       20%        N/A       8%          4
 Simulacrum               Ice/Necr       20%        N/A       10%         6
 Alistair's Intoxication  Tmut/Pois      18%        N/A       21%         5
 Irradiate                Conj/Tmut      13%        3d16      21%         5
 Yara's Violent Unravell  Hex/Tmut       20%        3d9       21%         5
 Call Imp                 Summ           9%         N/A       24%         2
 Ensorcelled Hibernation  Hex/Ice        26%        N/A       24%         2
 Poisonous Vapours        Pois/Air       18%        N/A       24%         2
 Scorch                   Fire           18%        2d5       24%         2
 Static Discharge         Conj/Air       18%        2-3/arc   24%         2
 Dragon Form              Tmut           22%        N/A       28%         7
 Call Canine Familiar     Summ           9%         N/A       43%         3
 Confusing Touch          Hex            13%        N/A       43%         3
 Dazzling Flash           Conj/Hex       26%        N/A       43%         3
 Frozen Ramparts          Ice            18%        1d3       43%         3
 Hailstorm                Conj/Ice       9%         3d4       43%         3
 Inner Flame              Hex/Fire       13%        N/A       43%         3
 Mephitic Cloud           Conj/Pois/Air  9%         N/A       43%         3
 Ozocubu's Armour         Ice            9%         N/A       43%         3
 Summon Guardian Golem    Hex/Summ       13%        N/A       43%         3
 Swiftness                Air            9%         N/A       43%         3
 Tukima's Dance           Hex            13%        N/A       43%         3
 Haunt                    Necr/Summ      20%        N/A       47%         7
 Iron Shot                Conj/Erth      13%        9d3       75%         6
 Airstrike                Air            4%         2d(1-17)  85%         4
 Flame Wave               Conj/Fire      9%         2d6       85%         4
 Summon Lightning Spire   Summ/Air       9%         N/A       85%         4
 Disjunction              Tloc           21%        N/A       98%         8
 Arcjolt                  Conj/Air       4%         1d14      99%         5
 Freezing Cloud           Conj/Ice/Air   4%         6-21      99%         5
 Iskenderun's Battlesphe  Conj           9%         2d6       99%         5
 Lightning Bolt           Conj/Air       4%         1d16      99%         5
 Metabolic Englaciation   Hex/Ice        6%         N/A       99%         5
 Silence                  Hex/Air        6%         N/A       99%         5
 Summon Mana Viper        Hex/Summ       13%        N/A       99%         5
 Storm Form               Tmut/Air       13%        N/A       99%         7
 Summon Cactus Giant      Summ           4%         N/A       100%        6
 Malign Gateway           Summ/Tloc      12%        N/A       100%        7
 Orb of Destruction       Conj           4%         9d5       100%        7
 Ozocubu's Refrigeration  Ice            4%         4d8       100%        7
 Spellforged Servitor     Conj/Summ      4%         N/A       100%        7
 Summon Hydra             Summ           4%         N/A       100%        7
 Ignition                 Fire           4%         3d4       100%        8
 Lehudib's Crystal Spear  Conj/Erth      13%        10d5      100%        8
 Summon Horrible Things   Summ           4%         N/A       100%        8


Dungeon Overview and Level Annotations

Branches:
Dungeon (15/15)            Temple (1/1) D:6            Lair (5/5) D:9
 Shoals (4/4) Lair:2        Snake (4/4) Lair:2        Slime (5/5) Lair:4
    Orc (2/2) D:11            Elf (3/3) Orc:2        Vaults (5/5) D:14
  Crypt (3/3) Vaults:3       Tomb (0/3) Crypt:3      Depths (4/4) D:15
   Hell (visited)             Dis (0/7) Hell            Geh (0/7) Hell
    Coc (0/7) Hell            Tar (0/7) Hell            Zot (5/5) Depths:4
Volcano (visited)         Gauntlet (visited)

Altars:
Ashenzari
Cheibriados
Dithmenos
Fedhas
Gozag
Hepliaklqana
Kikubaaqudgha
Makhleb
Nemelex Xobeh
Okawaru
Qazlal
Ru
Sif Muna
Trog
Uskayaw
Vehumet
Wu Jian
Xom
Yredelemnul
Jiyva

Shops:
D:6 (   D:8 ?   D:11 ::=   Orc:2 ![[[   Elf:1 (   Elf:3 *   Shoals:3 :
Snake:1 [?*[   Snake:2 :[   Vaults:1 (*   Vaults:3 ?   Depths:1 =[   Depths:4 *

Portals:
Hell: Depths:1 Depths:2 Depths:3 Depths:4
Abyss: Snake:3 Depths:3 Depths:4
Pandemonium: Depths:2 Depths:3
Ziggurat: Depths:3

Annotations:
D:12 1 runed translucent door
Shoals:1 Roxanne
Elf:2 5 runed translucent doors
Vaults:2 2 runed translucent doors, Jeirass's ghost, legendary FoFi; Tang's ghost, master DsGl
Zot:2 1 transporter


Innate Abilities, Weirdness & Mutations

You have hooves in place of feet.
You have a pair of large horns on your head.
A meltable icy envelope protects you from harm. (AC +8)
You regenerate a lot of health from kills.
Your melee attacks may debilitate your foes.
A meltable shield of frost defends you. (SH +4)
Your hexes are more powerful.
You are surrounded by an aura of silence.
Your touch may irresistibly damage your foes and sap their willpower.
You are partially covered in large bone plates. (SH +4)
Your flesh is cold resistant. (rC+)
Your magical capacity is low. (-10% MP)


Message History

(P) Snake Pit (M) Slime Pits (O) Orcish Mines (E) Elven Halls (V) Vaults (C) Crypt (W) Tomb (U) Depths (H) Hell (I) Dis (G) Gehenna (X) Cocytus (Y) Tartarus (Z) Zot
Where to? (Enter - D:15, ? - help)
Your magical contamination has completely faded away.
There is a staircase back to the Dungeon here.
You climb upwards.
Welcome back to the Dungeon!
There is a staircase to the Depths here.
(D) Dungeon (T) Temple (L) Lair (A) Shoals (P) Snake Pit (M) Slime Pits (O) Orcish Mines (E) Elven Halls (V) Vaults (C) Crypt (W) Tomb (U) Depths (H) Hell (I) Dis (G) Gehenna (X) Cocytus (Y) Tartarus (Z) Zot
Where to? (Enter - D:15, ? - help)
Things that are here:
a +0 robe; a +0 dagger
There is an open door, spattered with blood here.
Things that are here:
a +0 ring mail; a +0 dagger
There is an open door here.
Items here: ))) [[[.
You enter the shallow water.
Moving in this stuff is going to be slow.
You enter the shallow water.
Moving in this stuff is going to be slow.
Magic restored.
There is a stone staircase leading up, spattered with blood here.
You climb upwards.
There is a stone staircase leading down here.
(D) Dungeon (T) Temple (L) Lair (A) Shoals (P) Snake Pit (M) Slime Pits (O) Orcish Mines (E) Elven Halls (V) Vaults (C) Crypt (W) Tomb (U) Depths (H) Hell (I) Dis (G) Gehenna (X) Cocytus (Y) Tartarus (Z) Zot
Where to? (Enter - D:14, ? - help)
Things that are here:
2 boomerangs of dispersal; a +0 flail
There is a stone staircase leading up, spattered with blood here.
You climb upwards.
There is a stone staircase leading down here.
(D) Dungeon (T) Temple (L) Lair (A) Shoals (P) Snake Pit (M) Slime Pits (O) Orcish Mines (E) Elven Halls (V) Vaults (C) Crypt (W) Tomb (U) Depths (H) Hell (I) Dis (G) Gehenna (X) Cocytus (Y) Tartarus (Z) Zot
Where to? (Enter - D:13, ? - help)
An Orb Guardian comes into view.
(D) Dungeon (T) Temple (L) Lair (A) Shoals (P) Snake Pit (M) Slime Pits (O) Orcish Mines (E) Elven Halls (V) Vaults (C) Crypt (W) Tomb (U) Depths (H) Hell (I) Dis (G) Gehenna (X) Cocytus (Y) Tartarus (Z) Zot
Where to? (Enter - D:12, ? - help)
An Orb Guardian is nearby!
Casting: Statue Form (mildly dangerous; 6% risk of failure)
Confirm with . or Enter, or press ? or * to list all spells.
You turn into a living statue of rough stone.
Your +0 ice dragon scales melds into your body.
You block the Orb Guardian's attack.
You pummel the Orb Guardian!!
The Orb Guardian looks weaker.
You kick the Orb Guardian!! You headbutt the Orb Guardian!!
The Orb Guardian is almost dead.
The Orb Guardian closely misses you.
You barely miss the Orb Guardian. You kick the Orb Guardian.
You kill the Orb Guardian!
Makhleb accepts your kill.
No target in view!
You revert to your normal fleshy form.
Your +0 ice dragon scales unmelds from your body.
(D) Dungeon (T) Temple (L) Lair (A) Shoals (P) Snake Pit (M) Slime Pits (O) Orcish Mines (E) Elven Halls (V) Vaults (C) Crypt (W) Tomb (U) Depths (H) Hell (I) Dis (G) Gehenna (X) Cocytus (Y) Tartarus (Z) Zot
Where to? (Enter - D:12, ? - help)
A reaper comes into view. It is wielding a +1 scythe of flaming.
(D) Dungeon (T) Temple (L) Lair (A) Shoals (P) Snake Pit (M) Slime Pits (O) Orcish Mines (E) Elven Halls (V) Vaults (C) Crypt (W) Tomb (U) Depths (H) Hell (I) Dis (G) Gehenna (X) Cocytus (Y) Tartarus (Z) Zot
Where to? (Enter - D:12, ? - help)
A reaper is nearby!
There is an open door here.
Casting: Statue Form (mildly dangerous; 6% risk of failure)
Confirm with . or Enter, or press ? or * to list all spells.
You turn into a living statue of rough stone.
Your +0 ice dragon scales melds into your body.
The reaper hurls suddenly forward!
The reaper hits you with a +1 scythe of flaming!
Your icy defenses dissipate!
You hit the reaper but do no damage. Your kick misses the reaper.
You headbutt the reaper, but do no damage.
The reaper barely misses you.
You squash the reaper like an ant!!!!
You kick the reaper, but do no damage.
You headbutt the reaper, but do no damage.
The reaper is almost dead.
The reaper completely misses you.
You squash the reaper like an ant!!!
You kill the reaper!
Makhleb accepts your kill.
You feel better.
No target in view!
You revert to your normal fleshy form.
Your +0 ice dragon scales unmelds from your body.
(D) Dungeon (T) Temple (L) Lair (A) Shoals (P) Snake Pit (M) Slime Pits (O) Orcish Mines (E) Elven Halls (V) Vaults (C) Crypt (W) Tomb (U) Depths (H) Hell (I) Dis (G) Gehenna (X) Cocytus (Y) Tartarus (Z) Zot
Where to? (Enter - D:12, ? - help)
There is a stone staircase leading up here.
You climb upwards.
Level annotation: 1 runed translucent door
There is a stone staircase leading down here.
Unknown command.
(D) Dungeon (T) Temple (L) Lair (A) Shoals (P) Snake Pit (M) Slime Pits (O) Orcish Mines (E) Elven Halls (V) Vaults (C) Crypt (W) Tomb (U) Depths (H) Hell (I) Dis (G) Gehenna (X) Cocytus (Y) Tartarus (Z) Zot
Where to? (Enter - D:12, ? - help)
A demonspawn corrupter, a shadow demon and a demonspawn warmonger come into view.
The demonspawn warmonger is wielding a +5 demon whip of flaming and wearing a +0 kite shield of resistance.
(D) Dungeon (T) Temple (L) Lair (A) Shoals (P) Snake Pit (M) Slime Pits (O) Orcish Mines (E) Elven Halls (V) Vaults (C) Crypt (W) Tomb (U) Depths (H) Hell (I) Dis (G) Gehenna (X) Cocytus (Y) Tartarus (Z) Zot
Where to? (Enter - D:11, ? - help)
There are monsters nearby!
Casting: Lesser Beckoning (safe; 1% risk of failure)
Confirm with . or Enter, or press ? or * to list all spells.
You turn into a living statue of rough stone.
Your +0 ice dragon scales melds into your body.
The demonspawn warmonger misses you.
The demonspawn warmonger completely misses you. x2
The shadow demon gestures.
The demonspawn warmonger hits you but does no damage.
The demonspawn warmonger completely misses you.
The demonspawn warmonger gores you but does no damage.
You closely miss the demonspawn corrupter.
You kick the demonspawn corrupter. You headbutt the demonspawn corrupter!!
You touch the demonspawn corrupter!
You sap its willpower!
The demonspawn corrupter is moderately wounded.
The demonspawn corrupter completely misses you.
The demonspawn corrupter kicks you!
The demonspawn warmonger hits you with a +5 demon whip of flaming!!
The demonspawn warmonger claws you but does no damage.
The demonspawn warmonger gores you but does no damage.
You pulverise the demonspawn corrupter!!!
You kill the demonspawn corrupter!
Makhleb accepts your kill.
Two slime creatures merge to form a large slime creature.
The demonspawn warmonger hits you with a +5 demon whip of flaming!!!
The demonspawn warmonger burns you.
The demonspawn warmonger closely misses you.
The demonspawn warmonger misses you.
You pummel the demonspawn warmonger!! You kick the demonspawn warmonger!
You headbutt the demonspawn warmonger!
You punch the demonspawn warmonger, but do no damage.
The demonspawn warmonger is moderately wounded.
The demonspawn warmonger blocks your attack.
You kick the demonspawn warmonger, but do no damage.
You headbutt the demonspawn warmonger!!
The demonspawn warmonger is heavily wounded.
The demonspawn warmonger hits you but does no damage.
You block the demonspawn warmonger's attack.
The demonspawn warmonger completely misses you.
The shadow demon completely misses you.
You punch the demonspawn warmonger!
The demonspawn warmonger is drained!
You kick the demonspawn warmonger!
The demonspawn warmonger blocks your attack.
The demonspawn warmonger is severely wounded.
The demonspawn warmonger completely misses you.
The demonspawn warmonger claws you but does no damage.
The demonspawn warmonger gores you but does no damage.
You block the shadow demon's attack.
Two slime creatures merge to form a very large slime creature.
You pummel the demonspawn warmonger!! You kick the demonspawn warmonger!
You headbutt the demonspawn warmonger.
You kill the demonspawn warmonger!
Makhleb accepts your kill.
You feel better. The shadow demon misses you.
You feel your dexterity returning.
You closely miss the shadow demon. Your kick misses the shadow demon.
You touch the shadow demon!!
You sap its willpower!
You punch the shadow demon!!
The shadow demon is severely wounded.
The shadow demon gestures.
The two-headed ogre completely misses you.
The two-headed ogre barely misses you.
You completely miss the shadow demon. Your kick misses the shadow demon.
You touch the shadow demon!
You kill the shadow demon!
Makhleb accepts your kill.
You feel better.
The boulder beetle dissolves into shadows!
The howler monkey dissolves into shadows!
The two-headed ogre dissolves into shadows!
The very large slime creature dissolves into shadows!
No target in view!
No target in view!
(D) Dungeon (T) Temple (L) Lair (A) Shoals (P) Snake Pit (M) Slime Pits (O) Orcish Mines (E) Elven Halls (V) Vaults (C) Crypt (W) Tomb (U) Depths (H) Hell (I) Dis (G) Gehenna (X) Cocytus (Y) Tartarus (Z) Zot
Where to? (Enter - D:11, ? - help)
Okay, then.
You revert to your normal fleshy form.
Your +0 ice dragon scales unmelds from your body.
Unknown command.
(D) Dungeon (T) Temple (L) Lair (A) Shoals (P) Snake Pit (M) Slime Pits (O) Orcish Mines (E) Elven Halls (V) Vaults (C) Crypt (W) Tomb (U) Depths (H) Hell (I) Dis (G) Gehenna (X) Cocytus (Y) Tartarus (Z) Zot
Where to? (Enter - D:11, ? - help)
There is a stone staircase leading up here.
You climb upwards.
There is a stone staircase leading down here.
(D) Dungeon (T) Temple (L) Lair (A) Shoals (P) Snake Pit (M) Slime Pits (O) Orcish Mines (E) Elven Halls (V) Vaults (C) Crypt (W) Tomb (U) Depths (H) Hell (I) Dis (G) Gehenna (X) Cocytus (Y) Tartarus (Z) Zot
Where to? (Enter - D:11, ? - help)
There is an open door here.
HP restored.
You see here the ring "Doipos" {rF+ Dex+5}.
Your icy envelope is restored.
Magic restored.
You see here a +0 troll leather armour.
A sixfirhy comes into view.
(D) Dungeon (T) Temple (L) Lair (A) Shoals (P) Snake Pit (M) Slime Pits (O) Orcish Mines (E) Elven Halls (V) Vaults (C) Crypt (W) Tomb (U) Depths (H) Hell (I) Dis (G) Gehenna (X) Cocytus (Y) Tartarus (Z) Zot
Where to? (Enter - D:10, ? - help)
A sixfirhy is nearby!
The sixfirhy hurls suddenly forward!
A cacodemon comes into view.
The sixfirhy attacks as you move away! You block the sixfirhy's attack.
A sixfirhy comes into view.
You block the sixfirhy's attack.
You miss the sixfirhy.
You kick the sixfirhy, but do no damage.
You headbutt the sixfirhy! Your touch misses the sixfirhy.
Your punch misses the sixfirhy.
The sixfirhy is moderately wounded.
The sixfirhy closely misses you. The sixfirhy misses you.
Casting: Lesser Beckoning (safe; 1% risk of failure)
Confirm with . or Enter, or press ? or * to list all spells.
You turn into a living statue of rough stone.
Your +0 ice dragon scales melds into your body.
You block the sixfirhy's attack. The sixfirhy completely misses you.
The sixfirhy closely misses you.
The sixfirhy hits you but does no damage.
You hit the sixfirhy. Your kick misses the sixfirhy.
You touch the sixfirhy!
You sap its willpower!
The sixfirhy is severely wounded.
You miss the sixfirhy. You kick the sixfirhy. You punch the sixfirhy!
The sixfirhy is almost dead.
The sixfirhy completely misses you.
The sixfirhy is temporarily struck blind!
You block the sixfirhy's attack. The sixfirhy hits you.
The sixfirhy shocks you. You resist.
You pummel the sixfirhy like a punching bag!!!
You kill the sixfirhy!
Makhleb accepts your kill.
You feel better. The sixfirhy completely misses you.
Your Shields skill increases to level 14!
You pummel the sixfirhy like a punching bag!!!!
You kill the sixfirhy!
Makhleb accepts your kill. The cacodemon gestures at you.
You resist with almost no effort.
Your Armour skill increases to level 14!
The cacodemon hits you but does no damage. x2
You block the cacodemon's attack. The cacodemon closely misses you.
You pummel the cacodemon!! You kick the cacodemon!! You headbutt the cacodemon.
You touch the cacodemon!
You sap its willpower!
The cacodemon is almost dead.
You pummel the cacodemon!!
You kill the cacodemon!
Makhleb accepts your kill.
You revert to your normal fleshy form.
Your +0 ice dragon scales unmelds from your body.
Unknown command.
(D) Dungeon (T) Temple (L) Lair (A) Shoals (P) Snake Pit (M) Slime Pits (O) Orcish Mines (E) Elven Halls (V) Vaults (C) Crypt (W) Tomb (U) Depths (H) Hell (I) Dis (G) Gehenna (X) Cocytus (Y) Tartarus (Z) Zot
Where to? (Enter - D:10, ? - help)
An Orb Guardian comes into view.
Unknown command.
(D) Dungeon (T) Temple (L) Lair (A) Shoals (P) Snake Pit (M) Slime Pits (O) Orcish Mines (E) Elven Halls (V) Vaults (C) Crypt (W) Tomb (U) Depths (H) Hell (I) Dis (G) Gehenna (X) Cocytus (Y) Tartarus (Z) Zot
Where to? (Enter - D:10, ? - help)
An Orb Guardian is nearby!
Casting: Statue Form (mildly dangerous; 6% risk of failure)
Confirm with . or Enter, or press ? or * to list all spells.
You turn into a living statue of rough stone.
Your +0 ice dragon scales melds into your body.
The Orb Guardian hits you but does no damage.
You pound the Orb Guardian into fine dust!!!
You kick the Orb Guardian! You headbutt the Orb Guardian.
The Orb Guardian is almost dead.
The Orb Guardian hits you but does no damage.
You closely miss the Orb Guardian. You kick the Orb Guardian.
Your headbutt misses the Orb Guardian.
The Orb Guardian is almost dead.
You block the Orb Guardian's attack.
You squash the Orb Guardian like an ant!!!
You kill the Orb Guardian!
Makhleb accepts your kill.
Casting: Statue Form (mildly dangerous; 2% risk of failure)
Confirm with . or Enter, or press ? or * to list all spells.
You don't know that spell.
You revert to your normal fleshy form.
Your +0 ice dragon scales unmelds from your body.
Unknown command.
(D) Dungeon (T) Temple (L) Lair (A) Shoals (P) Snake Pit (M) Slime Pits (O) Orcish Mines (E) Elven Halls (V) Vaults (C) Crypt (W) Tomb (U) Depths (H) Hell (I) Dis (G) Gehenna (X) Cocytus (Y) Tartarus (Z) Zot
Where to? (Enter - D:10, ? - help)
There is a stone staircase leading up here.
You climb upwards.
There is a stone staircase leading down here.
Unknown command.
(D) Dungeon (T) Temple (L) Lair (A) Shoals (P) Snake Pit (M) Slime Pits (O) Orcish Mines (E) Elven Halls (V) Vaults (C) Crypt (W) Tomb (U) Depths (H) Hell (I) Dis (G) Gehenna (X) Cocytus (Y) Tartarus (Z) Zot
Where to? (Enter - D:10, ? - help)
A reaper comes into view.
It is wielding a +2 scythe of protection.
(D) Dungeon (T) Temple (L) Lair (A) Shoals (P) Snake Pit (M) Slime Pits (O) Orcish Mines (E) Elven Halls (V) Vaults (C) Crypt (W) Tomb (U) Depths (H) Hell (I) Dis (G) Gehenna (X) Cocytus (Y) Tartarus (Z) Zot
Where to? (Enter - D:9, ? - help)
A reaper is nearby!
Unknown command.
Casting: Statue Form (mildly dangerous; 6% risk of failure)
Confirm with . or Enter, or press ? or * to list all spells.
You miscast Statue Form.
You are very lightly contaminated with residual magic.
Nothing appears to happen.
A reaper is nearby!
The reaper closely misses you.
You hit the reaper but do no damage. Your kick misses the reaper.
Your headbutt misses the reaper.
You touch the reaper.
You sap its willpower!
The reaper is lightly wounded.
You hit the reaper. Your kick misses the reaper.
You headbutt the reaper, but do no damage.
You touch the reaper!!
You sap its willpower!
The reaper is moderately wounded.
The reaper hits you with a +2 scythe of protection!
You hit the reaper. You kick the reaper, but do no damage.
You punch the reaper!
The reaper is heavily wounded.
You block the reaper's attack.
You punch the reaper!
The reaper looks weaker.
Your kick misses the reaper. You headbutt the reaper!!
You touch the reaper!
You sap its willpower!
The reaper is almost dead.
You closely miss the reaper. You kick the reaper.
You kill the reaper!
Makhleb accepts your kill.
You feel better.
No target in view!
(D) Dungeon (T) Temple (L) Lair (A) Shoals (P) Snake Pit (M) Slime Pits (O) Orcish Mines (E) Elven Halls (V) Vaults (C) Crypt (W) Tomb (U) Depths (H) Hell (I) Dis (G) Gehenna (X) Cocytus (Y) Tartarus (Z) Zot
Where to? (Enter - D:9, ? - help)
Your magical contamination has completely faded away.
You see here a +2 scythe of protection.
You see here +0 acid dragon scales.
A demonspawn warmonger comes into view.
It is wielding a +0 demon whip of flaming and wearing a +0 kite shield of cold resistance.
Casting: Statue Form (mildly dangerous; 6% risk of failure)
Confirm with . or Enter, or press ? or * to list all spells.
You turn into a living statue of rough stone.
Your +0 ice dragon scales melds into your body.
You beat the demonspawn warmonger into a bloody pulp!!!
The demonspawn warmonger is drained!
You kick the demonspawn warmonger!
The demonspawn warmonger is heavily wounded.
The demonspawn warmonger hits you with a +0 demon whip of flaming.
Your icy defenses dissipate!
The demonspawn warmonger completely misses you.
The demonspawn warmonger misses you.
You pummel the demonspawn warmonger!!
Your kick misses the demonspawn warmonger.
The demonspawn warmonger blocks your attack.
You touch the demonspawn warmonger!
You sap its willpower!
The demonspawn warmonger is almost dead.
The demonspawn warmonger hits you but does no damage.
The demonspawn warmonger misses you.
The demonspawn warmonger gores you but does no damage.
The demonspawn warmonger blocks your attack. x2
You touch the demonspawn warmonger!
You kill the demonspawn warmonger!
Makhleb accepts your kill.
You feel better.
No target in view!
(D) Dungeon (T) Temple (L) Lair (A) Shoals (P) Snake Pit (M) Slime Pits (O) Orcish Mines (E) Elven Halls (V) Vaults (C) Crypt (W) Tomb (U) Depths (H) Hell (I) Dis (G) Gehenna (X) Cocytus (Y) Tartarus (Z) Zot
Where to? (Enter - D:9, ? - help)
There is a stone staircase leading up, spattered with blood here.
Things that are here:
a +0 demon whip of flaming; a +0 chain mail; a +0 kite shield of cold resistance You climb upwards.
There is a stone staircase leading down here.
(D) Dungeon (T) Temple (L) Lair (A) Shoals (P) Snake Pit (M) Slime Pits (O) Orcish Mines (E) Elven Halls (V) Vaults (C) Crypt (W) Tomb (U) Depths (H) Hell (I) Dis (G) Gehenna (X) Cocytus (Y) Tartarus (Z) Zot
Where to? (Enter - D:9, ? - help)
Your icy envelope is restored.
Your transformation is almost over.
An Orb Guardian comes into view.
The Orb Guardian hits you! The Orb Guardian misses you.
You barely miss the Orb Guardian. Your kick misses the Orb Guardian.
The Orb Guardian completely misses you.
You hit the Orb Guardian but do no damage.
Your kick misses the Orb Guardian. You headbutt the Orb Guardian.
The Orb Guardian is lightly wounded.
The Orb Guardian hits you. The Orb Guardian hits you!
You pummel the Orb Guardian!!
You kick the Orb Guardian, but do no damage.
Your headbutt misses the Orb Guardian.
You touch the Orb Guardian!
You sap its willpower!
The Orb Guardian is moderately wounded.
The Orb Guardian hits you.
You hit the Orb Guardian but do no damage.
You kick the Orb Guardian, but do no damage.
You headbutt the Orb Guardian!
The Orb Guardian is heavily wounded.
The Orb Guardian hits you but does no damage.
You punch the Orb Guardian! You kick the Orb Guardian.
Your headbutt misses the Orb Guardian.
The Orb Guardian is severely wounded.
You revert to your normal fleshy form.
Your +0 ice dragon scales unmelds from your body.
The Orb Guardian hits you! You block the Orb Guardian's attack.
You hit the Orb Guardian. Your kick misses the Orb Guardian.
You headbutt the Orb Guardian!
You punch the Orb Guardian, but do no damage.
The Orb Guardian is severely wounded.
The Orb Guardian hits you.
You pummel the Orb Guardian!!
You kill the Orb Guardian!
Makhleb accepts your kill.
You feel better.
You feel your intelligence returning.
No target in view!
As you read the scroll of enchant armour, it crumbles to dust.
Your +0 ice dragon scales glow green for a moment.
An Ice Fiend comes into view.
As you read the scroll of enchant armour, it crumbles to dust.
Your +1 ice dragon scales glow green for a moment.
The Ice Fiend completely misses you. You block the Ice Fiend's attack.
You hit the Ice Fiend. You kick the Ice Fiend.
You touch the Ice Fiend!
The Ice Fiend is lightly wounded.
You punch the Ice Fiend!
You kick the Ice Fiend, but do no damage.
The Ice Fiend is moderately wounded.
The Ice Fiend claws you but does no damage.
The Ice Fiend completely misses you.
You hit the Ice Fiend.
You kick the Ice Fiend, but do no damage.
Your punch misses the Ice Fiend.
The Ice Fiend is moderately wounded.
You pummel the Ice Fiend!!
The Ice Fiend looks weaker.
You kick the Ice Fiend, but do no damage.
You headbutt the Ice Fiend, but do no damage.
The Ice Fiend is severely wounded.
The Ice Fiend calls on the powers of darkness!
Your body is wracked with pain!
* * * LOW HITPOINT WARNING * * *
You are too injured to fight recklessly!
You are too injured to fight recklessly!
Casting: Statue Form (mildly dangerous; 5% risk of failure)
Confirm with . or Enter, or press ? or * to list all spells.
You turn into a living statue of rough stone.
Your +2 ice dragon scales melds into your body.
The Ice Fiend calls on the powers of darkness!
Your body is wracked with pain!
* * * LOW HITPOINT WARNING * * *
You pummel the Ice Fiend like a punching bag!!!
You kill the Ice Fiend!
Makhleb accepts your kill.
You feel better.
There is a stone staircase leading up, spattered with blood here.
You start resting.
Magic restored.
You start resting.
Your transformation is almost over.
A Kako, a smoke demon, a rust devil and a blizzard demon come into view.
There are monsters nearby!
You revert to your normal fleshy form.
Your +2 ice dragon scales unmelds from your body.
The rust devil screeches!
You climb upwards.
There is a stone staircase leading down here.
You start resting.
A daeva comes into view.
It is wielding a +5 eudemon blade of holy wrath.
Casting: Statue Form (mildly dangerous; 5% risk of failure)
Confirm with . or Enter, or press ? or * to list all spells.
You turn into a living statue of rough stone.
Your +2 ice dragon scales melds into your body.
You can't see any susceptible monsters within range! (Use Z to cast anyway.)
The daeva hurls suddenly forward!
The daeva hits you with a +5 eudemon blade of holy wrath.
You convulse.
The daeva hits you but does no damage.
The daeva calls down the wrath of the Shining One upon you.
The Shining One smites you!
You are too injured to fight recklessly!
You are too injured to fight recklessly!
The daeva blocks your attack.
Your kick misses the daeva. You headbutt the daeva!!
The daeva is lightly wounded.
You hit the daeva but do no damage. You kick the daeva!!
The daeva blocks your attack.
You touch the daeva!
You sap its willpower!
The daeva is heavily wounded.
The daeva calls down the wrath of the Shining One upon you.
The Shining One smites you!
You pulverise the daeva!!!
The daeva blocks your attack. x2
The daeva is severely wounded.
The daeva calls down the wrath of the Shining One upon you.
The Shining One smites you! The daeva blocks your attack.
You kick the daeva.
The daeva is almost dead.
The daeva hits you with a +5 eudemon blade of holy wrath!
* * * LOW HITPOINT WARNING * * *
You convulse!
* * * LOW HITPOINT WARNING * * *
You block the daeva's attack.
You punch the daeva! You kick the daeva! The daeva blocks your attack. x2
The daeva is almost dead.
The daeva hits you with a +5 eudemon blade of holy wrath.
* * * LOW HITPOINT WARNING * * *
You convulse.
* * * LOW HITPOINT WARNING * * *
You block the daeva's attack.
You punch the daeva!
You kill the daeva!
Makhleb accepts your kill.
You feel better.
Things that are here:
a +5 eudemon blade of holy wrath; a +0 tower shield You revert to your normal fleshy form.
Your +2 ice dragon scales unmelds from your body.
(D) Dungeon (T) Temple (L) Lair (A) Shoals (P) Snake Pit (M) Slime Pits (O) Orcish Mines (E) Elven Halls (V) Vaults (C) Crypt (W) Tomb (U) Depths (H) Hell (I) Dis (G) Gehenna (X) Cocytus (Y) Tartarus (Z) Zot
Where to? (Enter - D:8, ? - help)
There is an open door here.
Magic restored.
There is an open door here.
There is a stone staircase leading up here.
You climb upwards.
There is a stone staircase leading down here.
There is a stone staircase leading up here.
You start resting.
A red devil comes into view.
It is wielding a +1 demon trident of electrocution.
You climb upwards.
There is a stone staircase leading down here.
You start resting.
Some rock shatters into small pieces.
A cacodemon comes into view.
Casting: Lesser Beckoning (safe; 1% risk of failure)
Confirm with . or Enter, or press ? or * to list all spells.
You turn into a living statue of rough stone.
Your +2 ice dragon scales melds into your body.
You pummel the cacodemon!! You kick the cacodemon.
The cacodemon is heavily wounded.
A sixfirhy comes into view.
You pummel the cacodemon like a punching bag!!!
You kick the cacodemon. You headbutt the cacodemon!
You kill the cacodemon!
Makhleb accepts your kill.
You feel better.
You pummel the sixfirhy!! You kick the sixfirhy. You headbutt the sixfirhy!
You kill the sixfirhy!
Makhleb accepts your kill.
You feel better.
No target in view!
(D) Dungeon (T) Temple (L) Lair (A) Shoals (P) Snake Pit (M) Slime Pits (O) Orcish Mines (E) Elven Halls (V) Vaults (C) Crypt (W) Tomb (U) Depths (H) Hell (I) Dis (G) Gehenna (X) Cocytus (Y) Tartarus (Z) Zot
Where to? (Enter - D:7 @ (x,y), ? - help)
There is a stone staircase leading up here.
You climb upwards.
There is a stone staircase leading down here.
You revert to your normal fleshy form.
Your +2 ice dragon scales unmelds from your body.
As you read the scroll of enchant armour, it crumbles to dust.
Your +2 ice dragon scales glow green for a moment.
As you read the scroll of enchant armour, it crumbles to dust.
Your +3 ice dragon scales glow green for a moment.
As you read the scroll of enchant armour, it crumbles to dust.
Your +4 ice dragon scales glow green for a moment.
As you read the scroll of enchant armour, it crumbles to dust.
Your +5 ice dragon scales glow green for a moment.
As you read the scroll of enchant armour, it crumbles to dust.
Your +6 ice dragon scales glow green for a moment.
As you read the scroll of enchant armour, it crumbles to dust.
Your +7 ice dragon scales glow green for a moment.
As you read the scroll of enchant armour, it crumbles to dust.
Your +8 ice dragon scales glow green for a moment.
As you read the scroll of enchant armour, it crumbles to dust.
Your +2 tower shield of reflection glows green for a moment.
As you read the scroll of enchant armour, it crumbles to dust.
Your +3 tower shield of reflection glows green for a moment.
As you read the scroll of enchant armour, it crumbles to dust.
Your +4 tower shield of reflection glows green for a moment.
As you read the scroll of enchant armour, it crumbles to dust.
Your +5 tower shield of reflection glows green for a moment.
A sun demon comes into view.
As you read the scroll of enchant armour, it crumbles to dust.
Your +6 tower shield of reflection glows green for a moment.
As you read the scroll of enchant armour, it crumbles to dust.
Your +7 tower shield of reflection glows green for a moment.
Unknown command.
Unknown command.
The sun demon completely misses you.
A ynoxinul comes into view.
You pound the sun demon into fine dust!!!
You kick the sun demon! You headbutt the sun demon!
You kill the sun demon!
Makhleb accepts your kill.
You feel better.
The ynoxinul gestures.
The ynoxinul gestures.
You block the ufetubus's attack. x2
You punch the ufetubus!
You kill the ufetubus!
The ufetubus disappears in a puff of smoke!
The ufetubus hits you but does no damage.
The ufetubus closely misses you.
You pummel the ufetubus!!
You kill the ufetubus!
The ufetubus disappears in a puff of smoke!
The ufetubus barely misses you. The ufetubus completely misses you.
You pummel the ynoxinul like a punching bag!!!
You kill the ynoxinul!
Makhleb accepts your kill.
The ufetubus disappears in a puff of smoke! x2
No target in view!
No target in view!
No target in view!
Okay, then.
Okay, then.
A hell beast comes into view.
You miss the hell beast. Your headbutt misses the hell beast.
You block the hell beast's attack.
The hell beast tramples you but does no damage.
You pummel the hell beast!! You kick the hell beast.
Your touch misses the hell beast.
The hell beast is moderately wounded.
The hell beast misses you. The hell beast closely misses you.
You completely miss the hell beast. Your kick misses the hell beast.
You headbutt the hell beast, but do no damage.
Your touch misses the hell beast. You punch the hell beast!!
The hell beast is heavily wounded.
The hell beast barely misses you. The hell beast completely misses you.
You pummel the hell beast!!
The hell beast looks weaker.
You kick the hell beast! Your headbutt misses the hell beast.
The hell beast is almost dead.
You block the hell beast's attack. The hell beast closely misses you.
A demonspawn warmonger and a reaper come into view.
The demonspawn warmonger is wielding a +0 great sword of electrocution and wearing a +2 plate armour of cold resistance.
The reaper is wielding a +2 scythe of venom.
You hit the hell beast. Your kick misses the hell beast.
The hell beast is almost dead.
You block the hell beast's attack. The hell beast barely misses you.
Casting: Statue Form (mildly dangerous; 5% risk of failure)
Confirm with . or Enter, or press ? or * to list all spells.
You miscast Statue Form.
You are very lightly contaminated with residual magic.
You feel very strange. You block the hell beast's attack.
The hell beast tramples you but does no damage.
You hit the hell beast.
You kill the hell beast!
Makhleb accepts your kill.
Casting: Statue Form (mildly dangerous; 5% risk of failure)
Confirm with . or Enter, or press ? or * to list all spells.
You turn into a living statue of rough stone.
Your +9 ice dragon scales melds into your body.
The demonspawn warmonger calls down the wrath of its god upon you.
Your magic feels tainted.
The demonspawn warmonger completely misses you. x3
The reaper hits you but does no damage.
You beat the demonspawn warmonger into a bloody pulp!!!!
You kick the demonspawn warmonger, but do no damage.
You headbutt the demonspawn warmonger!
You touch the demonspawn warmonger.
You sap its willpower!
The demonspawn warmonger is severely wounded.
The reaper hits you from afar with a +2 scythe of venom!
The demonspawn warmonger completely misses you.
You block the demonspawn warmonger's attack.
The demonspawn warmonger gores you.
You punch the demonspawn warmonger!
The demonspawn warmonger is drained!
You kick the demonspawn warmonger! You headbutt the demonspawn warmonger!!
You kill the demonspawn warmonger!
Makhleb accepts your kill.
You feel better.
You feel your strength returning. The reaper misses you. x2
Things that are here:
a +0 great sword of electrocution; a +2 plate armour of cold resistance You pummel the reaper!!
You kick the reaper!
The reaper is severely wounded.
The reaper hits you but does no damage.
You hit the reaper but do no damage. Your kick misses the reaper.
You headbutt the reaper!
The reaper is severely wounded.
The reaper misses you.
You pound the reaper into fine dust!!!
You kill the reaper!
Makhleb accepts your kill.
No target in view!
(D) Dungeon (T) Temple (L) Lair (A) Shoals (P) Snake Pit (M) Slime Pits (O) Orcish Mines (E) Elven Halls (V) Vaults (C) Crypt (W) Tomb (U) Depths (H) Hell (I) Dis (G) Gehenna (X) Cocytus (Y) Tartarus (Z) Zot
Where to? (Enter - D:5 @ (x,y), ? - help)
A Hell Sentinel comes into view.
The Hell Sentinel hurls suddenly forward!
You lose access to your magic!
You pummel the Hell Sentinel!! You punch the Hell Sentinel!!
The Hell Sentinel is moderately wounded.
The Hell Sentinel hits you!
The Hell Sentinel completely misses you.
You squash the Hell Sentinel like an ant!!!
You kick the Hell Sentinel. You headbutt the Hell Sentinel!
The Hell Sentinel is severely wounded.
The Hell Sentinel hits you but does no damage.
The Hell Sentinel hits you!
You squash the Hell Sentinel like an ant!!!
You kill the Hell Sentinel!
Makhleb accepts your kill.
You feel better.
No target in view!
You revert to your normal fleshy form.
Your +9 ice dragon scales unmelds from your body.
You regain access to your magic.
Unknown command.
(D) Dungeon (T) Temple (L) Lair (A) Shoals (P) Snake Pit (M) Slime Pits (O) Orcish Mines (E) Elven Halls (V) Vaults (C) Crypt (W) Tomb (U) Depths (H) Hell (I) Dis (G) Gehenna (X) Cocytus (Y) Tartarus (Z) Zot
Where to? (Enter - D:4, ? - help) HP restored.
Your magic seems less tainted.
Your magical contamination has completely faded away.
A soul eater comes into view.
(D) Dungeon (T) Temple (L) Lair (A) Shoals (P) Snake Pit (M) Slime Pits (O) Orcish Mines (E) Elven Halls (V) Vaults (C) Crypt (W) Tomb (U) Depths (H) Hell (I) Dis (G) Gehenna (X) Cocytus (Y) Tartarus (Z) Zot
Where to? (Enter - D:4, ? - help)
A hell beast comes into view.
Casting: Lesser Beckoning (safe; 1% risk of failure)
Confirm with . or Enter, or press ? or * to list all spells.
You turn into a living statue of rough stone.
Your +9 ice dragon scales melds into your body.
The hell beast completely misses you.
The hell beast is blinded by the light from your cloak!
The hell beast misses you.
You barely miss the hell beast. You kick the hell beast!!
You headbutt the hell beast, but do no damage.
You punch the hell beast!!
The hell beast is heavily wounded.
A Hell Sentinel comes into view.
The hell beast completely misses you. The hell beast barely misses you.
The hell beast bites you. The hell beast completely misses you.
You catch the helpless hell beast completely off-guard!
You pummel the hell beast like a punching bag!!!!
You kill the hell beast!
Makhleb accepts your kill.
You feel better. The Hell Sentinel gestures at you.
The sphere of damnation explodes!
The damnation engulfs you!!! The Hell Sentinel gestures at you.
The sphere of damnation explodes!
The damnation engulfs you!!
The damnation engulfs the Hell Sentinel.
The Hell Sentinel completely resists.
You hit the Hell Sentinel but do no damage.
You headbutt the Hell Sentinel!! You punch the Hell Sentinel.
The Hell Sentinel is moderately wounded.
The Hell Sentinel completely misses you.
You block the Hell Sentinel's attack.
You hit the Hell Sentinel but do no damage.
You kick the Hell Sentinel, but do no damage.
The Hell Sentinel is moderately wounded.
The Hell Sentinel completely misses you.
You block the Hell Sentinel's attack.
You hit the Hell Sentinel. You kick the Hell Sentinel.
You headbutt the Hell Sentinel!
You touch the Hell Sentinel!
The Hell Sentinel is heavily wounded.
The Hell Sentinel completely misses you.
The Hell Sentinel misses you. The soul eater misses you.
You pummel the Hell Sentinel like a punching bag!!!
The Hell Sentinel's magic leaks into the air.
You kick the Hell Sentinel, but do no damage.
You headbutt the Hell Sentinel!
The Hell Sentinel is almost dead.
The Hell Sentinel hits you! The Hell Sentinel barely misses you.
You block the soul eater's attack.
You pummel the Hell Sentinel!!
You kill the Hell Sentinel!
Makhleb accepts your kill.
You feel better. The soul eater barely misses you.
You pummel the soul eater!! You kick the soul eater!
You headbutt the soul eater!
You touch the soul eater!
You kill the soul eater!
Makhleb accepts your kill.
You feel better.
No target in view!
No target in view!
An ice devil comes into view.
You squash the ice devil like an ant!!!
You kick the ice devil.
You kill the ice devil!
Makhleb accepts your kill.
You feel better.
Aiming: Dig
Press: ? - help, Shift-Dir - straight line A rock wall.
This square is shrouded in silence and is covered in magical glow.
The rock shatters into small pieces.
You revert to your normal fleshy form.
Your +9 ice dragon scales unmelds from your body.
A Hell Sentinel comes into view.
Casting: Statue Form (mildly dangerous; 5% risk of failure)
Confirm with . or Enter, or press ? or * to list all spells.
You turn into a living statue of rough stone.
Your +9 ice dragon scales melds into your body.
The Hell Sentinel gestures at you. The iron shot hits you!!
The Hell Sentinel hurls suddenly forward!
You block the Hell Sentinel's attack.
The Hell Sentinel hits you but does no damage.
You squash the Hell Sentinel like an ant!!!
You kick the Hell Sentinel, but do no damage.
You headbutt the Hell Sentinel.
You touch the Hell Sentinel!
The Hell Sentinel is heavily wounded.
The Hell Sentinel hits you. You block the Hell Sentinel's attack.
You completely miss the Hell Sentinel. You kick the Hell Sentinel!
You headbutt the Hell Sentinel, but do no damage.
You touch the Hell Sentinel!!
The Hell Sentinel is severely wounded.
The Hell Sentinel hits you but does no damage.
The Hell Sentinel completely misses you.
You pummel the Hell Sentinel!! You kick the Hell Sentinel.
You headbutt the Hell Sentinel!
The Hell Sentinel is almost dead.
The Hell Sentinel barely misses you. The Hell Sentinel closely misses you.
You pummel the Hell Sentinel like a punching bag!!!
You kill the Hell Sentinel!
Makhleb accepts your kill.
You feel better.
No target in view!
You revert to your normal fleshy form.
Your +9 ice dragon scales unmelds from your body.
Aiming: Dig
Press: ? - help, Shift-Dir - straight line A rock wall.
This square is shrouded in silence and is covered in magical glow.
The rock shatters into small pieces.
There is an escape hatch in the ceiling here.
A mysterious force pulls you upwards. The hatch slams shut behind you.
There is an open door here.
Magic restored.
There is a stone staircase leading up here.
You climb upwards.
There is a stone staircase leading down here.
A shadow demon comes into view.
You can't go up here!
A shadow demon is nearby!
You punch the shadow demon!
The shadow demon looks weaker.
You kick the shadow demon! Your headbutt misses the shadow demon.
The shadow demon is heavily wounded.
You closely miss the shadow demon. You kick the shadow demon!
Your headbutt misses the shadow demon.
The shadow demon is severely wounded.
The shadow demon hits you but does no damage.
You punch the shadow demon!
You kill the shadow demon!
Makhleb accepts your kill.
No target in view!
(D) Dungeon (T) Temple (L) Lair (A) Shoals (P) Snake Pit (M) Slime Pits (O) Orcish Mines (E) Elven Halls (V) Vaults (C) Crypt (W) Tomb (U) Depths (H) Hell (I) Dis (G) Gehenna (X) Cocytus (Y) Tartarus (Z) Zot
Where to? (Enter - D:3 @ (x,y), ? - help)
There is an open door here.
There is a stone staircase leading up here.
You climb upwards.
There is a stone staircase leading down here.
A balrug and 3 sun demons come into view.
The balrug is wielding a +0 demon whip of venom.
You can't go up here!
Casting: Lesser Beckoning (safe; 1% risk of failure)
Confirm with . or Enter, or press ? or * to list all spells.
You turn into a living statue of rough stone.
Your +9 ice dragon scales melds into your body.
You punch the sun demon!
You kick the sun demon, but do no damage.
You headbutt the sun demon!!
You touch the sun demon!
You sap its willpower!
You punch the sun demon.
The sun demon is severely wounded.
You closely miss the sun demon.
You kick the sun demon, but do no damage.
You headbutt the sun demon!
You kill the sun demon!
Makhleb accepts your kill.
You feel your dexterity returning.
You squash the sun demon like an ant!!!
You kill the sun demon!
Makhleb accepts your kill.
A sun demon comes into view.
You punch the balrug! You kick the balrug. You headbutt the balrug!
The balrug is moderately wounded.
The balrug gestures at you.
The fireball explodes!
The fireball engulfs you but does no damage.
Your icy defenses dissipate!
The fireball engulfs the balrug.
The balrug completely resists.
You pummel the balrug!! You kick the balrug!
You touch the balrug!
You sap its willpower!
You punch the balrug.
The balrug is almost dead.
You block the balrug's attack.
You pulverise the balrug!!!
You kill the balrug!
Makhleb accepts your kill.
You squash the sun demon like an ant!!!
Your kick misses the sun demon. You headbutt the sun demon!
You touch the sun demon.
You kill the sun demon!
Makhleb accepts your kill.
You punch the sun demon!
The sun demon looks weaker.
You kick the sun demon! You headbutt the sun demon.
Your touch misses the sun demon. You punch the sun demon!!
The sun demon is almost dead.
The sun demon closely misses you.
You pummel the sun demon!!
You kill the sun demon!
Makhleb accepts your kill.
Your Armour skill increases to level 15!
No target in view!
No target in view!
You revert to your normal fleshy form.
Your +9 ice dragon scales unmelds from your body.
(D) Dungeon (T) Temple (L) Lair (A) Shoals (P) Snake Pit (M) Slime Pits (O) Orcish Mines (E) Elven Halls (V) Vaults (C) Crypt (W) Tomb (U) Depths (H) Hell (I) Dis (G) Gehenna (X) Cocytus (Y) Tartarus (Z) Zot
Where to? (Enter - D:2 @ (x,y), ? - help)
There is an open door here.
Magic restored.
There is an open door here.
There is a large open door here.
There is a large open door here.
Your icy envelope is restored.
There is a stone staircase leading up here.
You climb upwards.
There is a stone staircase leading down here.
(D) Dungeon (T) Temple (L) Lair (A) Shoals (P) Snake Pit (M) Slime Pits (O) Orcish Mines (E) Elven Halls (V) Vaults (C) Crypt (W) Tomb (U) Depths (H) Hell (I) Dis (G) Gehenna (X) Cocytus (Y) Tartarus (Z) Zot
Where to? (Enter - D:1, ? - help)
Okay, then.
There is a staircase leading out of the dungeon here.
You have escaped!

.# #.#...#...# #.###.####.##...
.###.#...#...#####.###.####.##...
†...........................##...
..##........4..........####.#####
..##.#.....#.......#.........#
..##.#....###.....###..####..#
..##.#.....#.......#...# #..#
..##.#.................# #..#
..##.#.........#@......####..####
.###.#........###................
.# #.#........>#.......#.##......
.# #.#...............(.#.##......
.###.......#.......#...#.##...#.#
.#.......)###.....###..#.##...#.#
...........#.......#...#.##......
.................................
............)....................


You could see a rust devil (wandering).

Vanquished Creatures
  the Royal Jelly (Slime:5)
  A dread lich (Zot:5)
  Khufu (Crypt:1)
  Tiamat (Zot:1)
  8 ancient liches
  4 orbs of fire (Zot:5)
  Mara (Shoals:4)
  Mennas (Depths:3)
  A juggernaut (Depths:2)
  Sojobo (Crypt:1)
  A royal mummy (Crypt:1)
  Vv (Zot:4)
  6 Killer Klowns
  Bai Suzhen (Vaults:2)
  Parghit (Depths:4)
  Saint Roka (Vaults:4)
  A curse toe (Zot:4)
  12 golden dragons
  A pandemonium lord (Depths:3)
  Jory (Vaults:2)
  Nikola (Vaults:2)
  6 bone dragons
  4 profane servitors
  Geryon (Hell)
  4 electric golems
  14 tentacled monstrosities
  Zenata (Vaults:4)
  2 hellephants
  2 Ice Fiends
  4 Hell Sentinels
  29 Orb Guardians
  4 quicksilver dragons
  2 deep elf blademasters (Elf:3)
  4 deep elf master archers (Elf:3)
  16 titans
  5 liches
  2 krakens
  12 tentacled starspawn
  Gastronok (Lair:2)
  Frances (Elf:1)
  An Executioner (Depths:3)
  18 acid blobs
  7 death cobs
  Polyphemus (Shoals:4)
  9 sphinxes
  5 ancient champions
  7 tengu reavers
  Kirke (Snake:3)
  11 shadow dragons
  5 draconian monks
  The ghost of Tollund the Carver, an adept DjGl of Jiyva (Vaults:1)
  Donald (Shoals:4)
  29 storm dragons
  7 fire giants
  13 azure jellies
  2 revenants
  3 demonspawn warmongers
  12 rockslimes
  2 nagarajas
  A daeva (D:8)
  8 frost giants
  7 draconian knights
  The ghost of blackman the Carver, a journeyman DgWn (Snake:3)
  5 cacodemons
  4 balrugs
  17 vault wardens
  8 draconian shifters
  5 deep elf sorcerers
  Louise (D:15)
  2 iron dragons
  A spectral caustic shrike (Crypt:3)
  9 draconian scorchers
  6 deep elf elementalists (Elf:3)
  3 orc warlords
  3 ghouls
  A ghost moth (Zot:5)
  A demonspawn corrupter (D:12)
  7 ironbound thunderhulks
  5 curse skulls
  48 very ugly things
  A juggernaut skeleton (Crypt:2)
  3 draconian stormcallers
  3 spriggan defenders
  7 war gargoyles
  2 draconian annihilators
  13 green draconians
  22 ironbound preservers
  13 stone giants
  7 quicksilver oozes
  14 vampire knights
  6 deep elf demonologists
  6 reapers
  7 white draconians
  10 black draconians
  11 red draconians
  A minotaur (Gauntlet)
  24 dire elephants
  13 deep elf annihilators (Elf:3)
  6 purple draconians
  15 ettins
  13 yellow draconians
  7 spark wasps
  3 blizzard demons
  2 eidola (Crypt:2)
  20 jiangshi
  4 green deaths
  6 crystal guardians
  13 deep elf death magi
  17 yaktaur captains
  11 merfolk impalers
  2 spriggan zombies
  6 deep elf high priests
  A spectral spriggan (Crypt:3)
  An entropy weaver (shapeshifter) (D:13)
  A merfolk javelineer (Depths:2)
  8 fire dragons
  4 salamander tyrants
  An entropy weaver (Vaults:3)
  3 rakshasas
  11 great orbs of eyes
  4 hydras
  5 hell beasts
  A caustic shrike simulacrum (Crypt:2)
  2 merfolk aquamancers (Shoals:4)
  5 ironbound frosthearts
  3 peacekeepers
  The ghost of zishaf the Impassioned, a journeyman VSBr of Uskayaw (D:11)
  2 alligator snapping turtles (Shoals:4)
  35 vault guards
  4 death knights
  17 centaur warriors
  3 ogre magi
  7 merfolk avatars
  4 boulder beetles
  9 ice dragons
  8 anacondas
  2 catoblepae
  4 spriggan air magi
  12 dancing weapons
  6 death yaks
  A two-headed ogre (shapeshifter) (Vaults:5)
  2 satyrs (Shoals:4)
  11 hell hogs
  3 tengu warriors
  20 two-headed ogres
  13 deep troll earth magi
  16 naga sharpshooters
  9 naga warriors
  28 thrashing horrors
  11 orc high priests
  6 vampire magi
  3 deep troll shamans
  3 hell knights
  7 spriggan berserkers
  20 sun demons
  3 soul eaters
  5 shock serpents
  7 deep elf knights
  5 salamander mystics
  22 skeletal warriors
  4 shadow wraiths
  12 sixfirhies
  2 spatial maelstroms (Abyss:5)
  15 wretched stars
  3 spriggan riders (Depths:4)
  15 sea snakes
  3 iron trolls
  3 shadow demons
  71 deep trolls
  83 starcursed masses
  2 obsidian statues
  2 golden dragon zombies
  An orb spider (shapeshifter) (Depths:2)
  A glowing orange brain (shapeshifter) (Depths:2)
  An iron giant skeleton (Abyss:5)
  5 glowing orange brains
  12 wizards
  A spriggan simulacrum (Abyss:5)
  4 flayed ghosts
  7 deep elf archers
  3 tengu zombies
  An anaconda zombie (Hell)
  4 naga ritualists
  13 phantasmal warriors
  2 bog bodies (Crypt:2)
  2 bunyip skeletons
  10 lindwurms
  Pikel (D:7)
  23 harpies
  13 deep elf zephyrmancers
  28 ironbound convokers
  12 mana vipers
  15 orc knights
  3 shining eyes
  16 deep elf pyromancers
  3 frost giant zombies
  8 necromancers
  A mana viper (shapeshifter) (Depths:3)
  3 fauns (Shoals:1)
  A faun (shapeshifter) (Depths:2)
  A shining eye (shapeshifter) (Vaults:4)
  A stone giant zombie (Hell)
  4 oklob plants
  2 tengu skeletons
  A will-o-the-wisp (Abyss:5)
  7 orc sorcerers
  51 ugly things
  A fire giant zombie (Hell)
  18 manticores
  22 salamanders
  A moth of wrath (shapeshifter) (Abyss:5)
  3 worldbinders
  6 rust devils (Hell)
  5 toenail golems (Volcano)
  14 elephants
  3 stone giant skeletons
  5 apocalypse crabs (Abyss:5)
  6 cyclopes
  14 naga magi
  20 moths of wrath
  5 water nymphs
  4 eyes of devastation
  A fire giant skeleton (Depths:2)
  6 molten gargoyles
  40 black mambas
  21 vault sentinels
  2 ice statues (Hell)
  A centaur skeleton (D:15)
  5 merfolk sirens
  6 guardian serpents
  2 centaur zombies (D:15)
  A torpor snail (Lair:5)
  21 smoke demons
  2 hellions
  5 orange demons
  A sea snake zombie (Hell)
  A gargoyle (D:9)
  A kobold demonologist (D:11)
  A komodo dragon (shapeshifter) (Depths:4)
  6 komodo dragons
  A cane toad (shapeshifter) (Elf:3)
  3 rime drakes
  9 cane toads
  A demonic crawler (Abyss:5)
  22 yaktaurs
  Maggie (D:7)
  2 tormentors
  3 unseen horrors
  6 tengu conjurers
  12 freezing wraiths
  A green draconian skeleton (Crypt:2)
  A yaktaur (shapeshifter) (Depths:3)
  10 ice devils
  2 efreet
  6 hellwings
  A minotaur zombie (Crypt:1)
  3 red devils
  9 ancient zymes
  A troll (shapeshifter) (Vaults:5)
  2 harpy zombies (Crypt:1)
  A queen bee (Gauntlet)
  A sea snake skeleton (Hell)
  A hydra zombie (Crypt:1)
  16 merfolk
  9 meliai
  13 trolls
  5 polar bears
  5 wind drakes
  12 snapping turtles
  An ettin zombie (Hell)
  3 hydra skeletons (Hell)
  A harpy skeleton (Crypt:3)
  5 hornets
  46 raiju
  83 slime creatures
  14 dream sheep
  Prince Ribbit (D:7)
  17 blink frogs
  A merfolk zombie (Crypt:1)
  An air elemental (Elf:1)
  2 alligator zombies (Hell)
  49 flying skulls
  3 vampires (Vaults:3)
  Sigmund (D:6)
  10 wraiths
  37 yaks
  5 shadows
  A wyvern (shapeshifter) (D:13)
  29 small abominations
  3 centaur simulacra
  10 ynoxinuls
  4 spriggans (Depths:4)
  5 basilisks (Lair:5)
  17 water elementals
  13 wyverns
  5 steam dragons
  3 fire bats (Orc:2)
  A black mamba skeleton (Crypt:2)
  5 fire elementals
  8 chaos spawn
  5 hogs (Snake:3)
  6 golden eyes
  2 redbacks (Vaults:4)
  6 wargs
  Menkaure (D:7)
  7 vampire mosquitoes
  8 neqoxecs
  A glowing shapeshifter zombie (Hell)
  A harpy simulacrum (Crypt:1)
  5 spatial vortices (Abyss:5)
  A fire bat zombie (Crypt:1)
  6 hell hounds
  4 acid dragons
  30 large abominations
  22 nagas
  A swamp drake (D:11)
  14 water moccasins
  A floating eye (Depths:2)
  2 glowing shapeshifter skeletons
  59 orc warriors
  4 ice beasts
  2 black bears
  An alligator simulacrum (Hell)
  18 ogres
  36 wolves
  2 blink frog zombies (Crypt:1)
  17 centaurs
  A phantom (D:4)
  A torpor snail zombie (Crypt:1)
  4 kobold brigands
  2 lemures (D:7)
  A hog skeleton (Crypt:2)
  A human zombie (Vaults:2)
  An elf zombie (Crypt:1)
  4 bullfrogs
  2 scorpions
  5 earth elementals
  A gnoll sergeant (D:5)
  5 necrophages
  11 wights
  A hornet simulacrum (D:15)
  6 killer bees
  A yak zombie (Crypt:2)
  A swamp dragon simulacrum (Crypt:1)
  5 howler monkeys
  11 electric eels
  5 lava snakes (Lair:5)
  A bullfrog zombie (Crypt:2)
  5 hounds
  6 jellies
  A gnoll bouda (D:5)
  46 orc priests
  An iguana (D:6)
  33 orc wizards
  Terence (D:2)
  A killer bee zombie (Crypt:2)
  2 mummies (Crypt:1)
  15 gnolls
  4 adders
  A river rat (D:9)
  A shadow imp (Gauntlet)
  3 white imps
  A howler monkey simulacrum (D:9)
  4 ufetubi
  4 worms
  A dart slug (D:2)
  92 orcs
  11 ball pythons
  8 bats
  2 bat zombies (Crypt:1)
  10 endoplasms
  6 giant cockroaches
  11 goblins
  6 hobgoblins
  6 jackals (D:1)
  27 kobolds
  6 quokkas
  2 frilled lizards
  9 rats
  A rat zombie (Crypt:1)
  10 starspawn tentacles (Abyss:5)
  4 tentacles
3028 creatures vanquished.

Vanquished Creatures (collateral kills)
  A storm dragon (Depths:4)
  A draconian stormcaller (Depths:4)
  2 orc warlords
  A green draconian (Depths:4)
  A starflower (Abyss:5)
  A red draconian (Depths:4)
  A deep troll earth mage (Depths:4)
  A deep elf archer (Orc:2)
  A deep elf zephyrmancer (Orc:2)
  2 deep elf pyromancers
  2 oklob plants (Abyss:5)
  An elephant (Lair:1)
  A cane toad (Lair:3)
  A troll (Orc:1)
  A hornet (Depths:4)
  A slime creature (D:11)
  A spriggan (Depths:4)
  4 yaks
  A warg (Orc:1)
  2 orc warriors
  3 starcursed masses (Abyss:5)
  An ogre (Orc:2)
  A centaur (D:14)
  2 orc priests (Orc:2)
  6 orc wizards
  An ufetubus (D:15)
  10 orcs
51 creatures vanquished.

Vanquished Creatures (others)
  An orb of fire (Zot:5)
  A lich (Vaults:5)
  An eldritch tentacle (Zot:5)
  A tentacled starspawn (Abyss:6)
  A fire giant (Depths:2)
  A draconian scorcher (Zot:2)
  A sea snake (Snake:2)
  A lindwurm (Snake:4)
  A harpy (Shoals:1)
  A deep elf pyromancer (Elf:3)
  A necromancer (Depths:2)
  A raiju (Abyss:5)
  A slime creature (Vaults:2)
  3 golden eyes (Abyss:5)
  7 large abominations (Abyss:5)
  2 small abominations
  A starcursed mass (Abyss:6)
  2 orc wizards
  A boggart simulacrum (D:15)
  A white imp (D:15)
  4 orcs
  13 bushes (Abyss:5)
  14 demonic plants
  30 fungi
  3 lurking horrors (Abyss:5)
  86 plants
  39 starspawn tentacles
  10 tentacles
229 creatures vanquished.

Grand Total: 3308 creatures vanquished

Notes
Turn   | Place    | Note
-------+----------+-------------------------------------------
     0 | D:1      | sleeves the Demonspawn Fighter began the quest for the Orb.
     0 | D:1      | Reached XP level 1. HP: 18/18 MP: 1/1
    22 | D:1      | Reached skill level 2 in Polearms
   122 | D:1      | Gained mutation: You regenerate a little health from kills.
                  | [demonic ancestry]
   122 | D:1      | Reached XP level 2. HP: 19/24 MP: 2/2
   292 | D:1      | HP: 9/19 [gnoll/+0 whip of draining (4)]
   297 | D:1      | Reached skill level 3 in Polearms
   402 | D:1      | Discovered your monstrous ancestry.
   402 | D:1      | Gained mutation: You have a pair of small horns on your
                  | head. [demonic ancestry]
   402 | D:1      | Reached XP level 3. HP: 23/23 MP: 3/3
   999 | D:2      | Reached skill level 1 in Unarmed Combat
  1123 | D:2      | Reached XP level 4. HP: 35/35 MP: 4/4
  1146 | D:2      | Reached skill level 2 in Unarmed Combat
  1407 | D:2      | Noticed Terence
  1418 | D:2      | Killed Terence
  1575 | D:2      | Reached skill level 3 in Unarmed Combat
  1588 | D:2      | Gained mutation: You regenerate health from kills. [demonic
                  | ancestry]
  1588 | D:2      | Reached XP level 5. HP: 38/41 MP: 5/5
  1592 | D:2      | Found a shadowy altar of Dithmenos.
  2159 | D:3      | Found a faded altar of an unknown god.
  2265 | D:3      | Reached skill level 4 in Unarmed Combat
  2503 | D:3      | Noticed an ogre
  2670 | D:4      | Gained mutation: You regenerate a lot of health from kills.
                  | [demonic ancestry]
  2670 | D:4      | Reached XP level 6. HP: 47/47 MP: 6/6
  2713 | D:4      | Reached skill level 5 in Unarmed Combat
  2731 | D:4      | HP: 17/47 [ogre/+0 giant club (12)]
  3185 | D:3      | HP: 19/47 [ogre/+0 giant club (19)]
  3215 | D:3      | Reached skill level 6 in Unarmed Combat
  3215 | D:3      | Gained mutation: Your touch may inflict minor irresistible
                  | damage on your foes. [demonic ancestry]
  3215 | D:3      | Reached XP level 7. HP: 45/52 MP: 7/7
  3910 | D:5      | Entered Level 5 of the Dungeon
  4279 | D:5      | Noticed a steam dragon
  4301 | D:4      | Reached skill level 7 in Unarmed Combat
  4488 | D:5      | Killed a steam dragon
  4513 | D:5      | Gained mutation: A meltable shield of frost defends you.
                  | (SH +4) [demonic ancestry]
  4513 | D:5      | Reached XP level 8. HP: 57/58 MP: 8/8
  4587 | D:5      | Reached skill level 8 in Unarmed Combat
  4921 | D:5      | Reached skill level 9 in Unarmed Combat
  5489 | D:6      | Found Hogirchuf's Antique Weapon Boutique.
  5526 | D:6      | Found a staircase to the Ecumenical Temple.
  5644 | Temple   | Entered the Ecumenical Temple
  5827 | Temple   | Became a worshipper of Makhleb the Destroyer
  5892 | D:6      | Noticed Sigmund
  5903 | D:6      | Killed Sigmund
  5904 | D:6      | Reached skill level 3 in Armour
  5904 | D:6      | Reached skill level 1 in Invocations
  6008 | D:6      | Reached skill level 2 in Invocations
  6087 | D:6      | Reached XP level 9. HP: 60/64 MP: 10/10
  6294 | D:7      | Reached skill level 10 in Unarmed Combat
  6294 | D:7      | Reached skill level 3 in Invocations
  6330 | D:7      | Noticed Maggie
  6334 | D:7      | HP: 29/65 [Maggie/bolt of fire (20)]
  6335 | D:7      | Reached skill level 4 in Fighting
  6336 | D:7      | Noticed Prince Ribbit
  6344 | D:7      | Killed Maggie
  6359 | D:7      | Killed Prince Ribbit
  6360 | D:7      | Reached skill level 4 in Armour
  6360 | D:7      | Reached skill level 4 in Invocations
  6520 | D:7      | Found a basalt altar of Yredelemnul.
  6582 | D:7      | Noticed Pikel
  6592 | D:7      | Killed Pikel
  6593 | D:7      | Reached skill level 5 in Fighting
  6593 | D:7      | Reached skill level 5 in Invocations
  6631 | D:7      | Noticed Menkaure
  6638 | D:7      | Killed Menkaure
  6638 | D:7      | Reached * piety under Makhleb
  6938 | D:8      | Learned a level 6 spell: Statue Form
  6970 | D:8      | Gained mutation: Your touch may inflict irresistible damage
                  | on your foes. [demonic ancestry]
  6970 | D:8      | Reached XP level 10. HP: 74/74 MP: 14/14
  6974 | D:8      | Reached skill level 5 in Armour
  6974 | D:8      | Reached skill level 1 in Earth Magic
  6984 | D:8      | Found Gedinit's Magic Scroll Shop.
  6992 | D:8      | Bought a scroll of identify for 30 gold pieces
  7032 | D:8      | Reached skill level 1 in Transmutations
  7032 | D:8      | Reached skill level 6 in Invocations
  7861 | D:9      | Noticed a death yak
  8149 | D:9      | Noticed a death yak
  8150 | D:9      | Found a staircase to the Lair.
  8150 | D:9      | Noticed a death yak
  8205 | D:9      | Found a transporter.
  8209 | D:9      | Found a transporter.
  8214 | D:9      | Noticed a gargoyle
  8215 | D:9      | Found a snail-covered altar of Cheibriados.
  8322 | D:9      | Killed a death yak
  8323 | D:9      | Reached skill level 2 in Transmutations
  8323 | D:9      | Reached skill level 2 in Earth Magic
  8496 | D:9      | Reached skill level 7 in Invocations
  8517 | D:9      | Killed a death yak
  8518 | D:9      | Reached skill level 11 in Unarmed Combat
  8518 | D:9      | Reached skill level 3 in Transmutations
  8518 | D:9      | Reached skill level 3 in Earth Magic
  8629 | D:10     | Entered Level 10 of the Dungeon
  8755 | D:10     | Noticed a two-headed ogre
  8760 | D:10     | Killed a two-headed ogre
  8761 | D:10     | Reached skill level 8 in Invocations
  8825 | D:10     | Reached ** piety under Makhleb
  8851 | D:10     | Found a shadowy altar of Dithmenos.
  8857 | D:10     | Reached skill level 4 in Earth Magic
  9017 | D:10     | Reached skill level 4 in Transmutations
  9017 | D:10     | Reached XP level 11. HP: 59/80 MP: 17/17
  9056 | D:10     | Noticed a two-headed ogre
  9158 | D:10     | Killed a two-headed ogre
  9523 | D:11     | Noticed a two-headed ogre
  9568 | D:11     | Killed a two-headed ogre
  9569 | D:11     | Reached skill level 9 in Invocations
  9680 | D:11     | Found a runed translucent gate.
  9680 | D:11     | Found a runed translucent gate.
  9680 | D:11     | Found a runed translucent gate.
  9683 | D:11     | Noticed a glowing orange brain
  9683 | D:11     | Noticed zishaf's ghost (journeyman VSBr)
  9686 | D:11     | Found a viscous altar of Jiyva.
  9690 | D:11     | Found Obemirph's One-of-a-Kind Rings.
  9734 | D:11     | Found Gusevub's Book Shop.
  9789 | D:11     | Reached skill level 5 in Earth Magic
  9924 | D:11     | Found Dic Taarris's Tremendous Tomes.
 10107 | D:11     | Noticed a purple ugly thing
 10128 | D:11     | Killed a purple ugly thing
 10129 | D:11     | Reached skill level 5 in Transmutations
 10171 | D:11     | Found a shimmering altar of Xom.
 10296 | D:11     | Found a staircase to the Orcish Mines.
 10421 | D:11     | Noticed a two-headed ogre
 10476 | D:11     | HP: 29/80 [two-headed ogre/+0 giant club (17)]
 10477 | D:11     | Killed a two-headed ogre
 10515 | D:11     | Found the +2 ratskin cloak {*Rats rPois rN+ Str-1 Int-1
                  | Dex+1}
 10515 | D:11     | Noticed a two-headed ogre
 10551 | D:11     | HP: 39/80 [two-headed ogre/+0 giant spiked club (17)]
 10555 | D:11     | Killed a two-headed ogre
 10556 | D:11     | Reached skill level 12 in Unarmed Combat
 10556 | D:11     | Reached skill level 10 in Invocations
 10558 | D:11     | HP: 37/80 [orc warrior/+3 trident (6)]
 10812 | D:12     | Reached skill level 6 in Earth Magic
 10825 | D:12     | Noticed a sixfirhy
 10827 | D:12     | Found a runed translucent door.
 10904 | D:12     | Reached skill level 6 in Transmutations
 10908 | D:12     | Noticed a deep elf pyromancer
 10913 | D:12     | HP: 40/80 [deep elf pyromancer/bolt of fire (11)]
 10920 | D:12     | HP: 29/80 [vampire mosquito (5)]
 10925 | D:11     | HP: 29/80 [vampire mosquito (2)]
 10993 | D:11     | Gained mutation: Your touch may irresistibly damage your
                  | foes and sap their willpower. [demonic ancestry]
 10993 | D:11     | Reached XP level 12. HP: 66/86 MP: 19/19
 10993 | D:11     | Reached *** piety under Makhleb
 11226 | D:12     | Reached skill level 11 in Invocations
 11383 | Lair:1   | Entered Level 1 of the Lair of Beasts
 11513 | Lair:1   | Reached skill level 7 in Earth Magic
 11551 | Lair:1   | HP: 40/86 [wolf (9)]
 11555 | Lair:1   | Reached skill level 7 in Transmutations
 11659 | Lair:1   | Identified the +1 chain mail "Napaxzukk" {+Inv}
 12165 | Lair:2   | Learned a level 3 spell: Stone Arrow
 12275 | Lair:2   | Reached skill level 12 in Invocations
 12297 | Lair:1   | Reached **** piety under Makhleb
 12437 | Lair:2   | Found a staircase to the Snake Pit.
 12441 | Lair:2   | Noticed a seven-headed hydra
 12663 | Lair:2   | Reached skill level 6 in Fighting
 12691 | Lair:2   | Reached skill level 13 in Unarmed Combat
 12692 | Lair:2   | Found a staircase to the Shoals.
 12778 | Lair:2   | Noticed Gastronok
 12818 | Lair:2   | Killed Gastronok
 12819 | Lair:2   | Reached XP level 13. HP: 70/93 MP: 22/22
 13071 | Lair:2   | Reached skill level 8 in Earth Magic
 13406 | Lair:3   | Reached skill level 8 in Transmutations
 13554 | Lair:3   | Reached ***** piety under Makhleb
 13555 | Lair:3   | Reached skill level 13 in Invocations
 13580 | Lair:3   | Found a gate leading to a gauntlet.
 13592 | Lair:3   | Reached skill level 7 in Fighting
 13602 | Gauntlet | Entered a Gauntlet
 13602 | Gauntlet | Found a transporter.
 13602 | Gauntlet | Found a transporter.
 13604 | Gauntlet | Found a transporter.
 13604 | Gauntlet | Found a transporter.
 13607 | Gauntlet | Found a transporter.
 13614 | Gauntlet | Found a transporter.
 13615 | Gauntlet | Found a transporter.
 13616 | Gauntlet | Found a transporter.
 13618 | Gauntlet | Found a transporter.
 13620 | Gauntlet | Noticed a reaper
 13626 | Gauntlet | Found a transporter.
 13626 | Gauntlet | Found a transporter.
 13679 | Gauntlet | Found a transporter.
 13852 | Gauntlet | Identified the ring of the Barnacle {Fly MP+9 Int+3}
 13906 | Gauntlet | Identified the ring "Edopt" {rF+ Str+3 Slay+4}
 13906 | Gauntlet | Noticed a minotaur
 13924 | Gauntlet | Killed a minotaur
 13943 | Gauntlet | Identified the +1 ring mail of Sloth {Int+2 Dex+2}
 14859 | Lair:4   | Found a viscous altar of Jiyva.
 15269 | Lair:5   | Entered Level 5 of the Lair of Beasts
 15375 | Lair:5   | Reached skill level 9 in Earth Magic
 15501 | Lair:5   | HP: 46/98 [four-headed hydra (10)]
 15505 | Lair:5   | Reached skill level 9 in Transmutations
 15598 | Lair:5   | Gained mutation: You have a pair of horns on your head.
                  | [demonic ancestry]
 15598 | Lair:5   | Reached XP level 14. HP: 80/104 MP: 24/24
 15605 | Lair:5   | Reached skill level 8 in Fighting
 15825 | Lair:5   | Reached skill level 14 in Invocations
 15836 | Lair:5   | HP: 50/105 [eight-headed hydra (5)]
 15991 | Lair:5   | HP: 49/105 [eight-headed hydra (9)]
 16266 | Lair:5   | HP: 42/106 [molten gargoyle/bolt of magma (13)]
 16278 | Lair:5   | HP: 51/106 [hell hound (1)]
 16284 | Lair:5   | HP: 37/106 [wyvern (13)]
 16651 | Lair:5   | Reached ****** piety under Makhleb
 16676 | Lair:5   | Reached skill level 14 in Unarmed Combat
 16731 | Lair:5   | Found a large runed translucent door.
 16735 | Lair:5   | Found a large runed translucent door.
 17336 | D:13     | Found a portal to a secret trove of treasure.
 17607 | D:13     | Reached skill level 9 in Fighting
 17881 | D:14     | Reached skill level 10 in Earth Magic
 17883 | D:14     | Reached skill level 10 in Transmutations
 17885 | D:14     | Reached skill level 15 in Invocations
 18043 | D:13     | HP: 54/108 [white ugly thing (13)]
 18044 | D:13     | HP: 10/108 [white ugly thing (34)]
 18572 | D:14     | Found a gate to the Vaults.
 18665 | D:14     | Gained mutation: You have large cloven feet. [demonic
                  | ancestry]
 18665 | D:14     | Reached XP level 15. HP: 113/113 MP: 26/26
 18687 | D:14     | Reached skill level 11 in Transmutations
 18687 | D:14     | Reached skill level 11 in Earth Magic
 18877 | D:15     | Entered Level 15 of the Dungeon
 19011 | D:15     | Paralysed by an ogre mage for 2 turns
 19302 | D:15     | Found a staircase to the Depths.
 19315 | D:15     | Reached skill level 12 in Transmutations
 19315 | D:15     | Reached skill level 12 in Earth Magic
 19347 | D:15     | Noticed Louise
 19501 | Orc:1    | Entered Level 1 of the Orcish Mines
 19832 | Orc:1    | HP: 50/113 [orc knight/+2 war axe (21)]
 20132 | Orc:1    | Got the Handbook of Charming Variation
 20133 | Orc:1    | Identified the ring of the Circus Animal {rElec Will+}
 20166 | Orc:1    | Identified the ring of Checkmate {Dex+4 SInv}
 20319 | Orc:2    | Entered Level 2 of the Orcish Mines
 20385 | Orc:2    | HP: 54/113 [orc priest/divine providence (13)]
 20521 | Orc:2    | Found a staircase to the Elven Halls.
 20559 | Orc:2    | Found a dark tunnel.
 20573 | Volcano  | Entered a volcano
 20646 | Abyss:3  | Cast into level 3 of the Abyss (a wizard)
 20771 | Abyss:3  | Noticed a tentacled starspawn
 20789 | Abyss:3  | Killed a tentacled starspawn
 20795 | Abyss:3  | Noticed an Executioner
 20806 | Abyss:3  | HP: 51/113 [wretched star/lance of force (36)]
 20860 | Abyss:3  | Reached skill level 13 in Transmutations
 20873 | Abyss:3  | Learned a level 5 spell: Lee's Rapid Deconstruction
 20910 | Abyss:3  | Noticed a tentacled starspawn
 20926 | Abyss:3  | Killed a tentacled starspawn
 20927 | Abyss:3  | Reached skill level 13 in Earth Magic
 20974 | Abyss:3  | Reached XP level 16. HP: 120/120 MP: 27/27
 20992 | Abyss:3  | Noticed an ancient lich
 21011 | Abyss:3  | Noticed a tentacled starspawn
 21042 | Volcano  | Escaped the Abyss
 21420 | Orc:2    | Found Amimualigg's Armour Shop.
 21420 | Orc:2    | Found Ximoumn Saej's Armour Shop.
 21421 | Orc:2    | Found Raxoz's Armour Boutique.
 21425 | Orc:2    | Found Wyus's Distillery.
 21467 | Orc:2    | Bought a potion of heal wounds for 65 gold pieces
 21857 | Orc:2    | Identified the +1 chain mail of Paec {rCorr Str+3}
 21873 | Orc:2    | HP: 56/120 [deep elf zephyrmancer/bolt of lightning (9)]
 21884 | Orc:2    | HP: 37/120 [deep elf zephyrmancer/bolt of lightning (7)]
 21994 | Orc:2    | HP: 54/120 [sun demon[an orc high priest] (27)]
 22449 | Snake:1  | Entered Level 1 of the Snake Pit
 22518 | Snake:1  | Found Pupuiv's Armour Shop.
 22526 | Snake:1  | Bought the +1 cloak of Starlight {*Dazzle EV+4 Stlth--} for
                  | 427 gold pieces
 22526 | Snake:1  | Found the +1 cloak of Starlight {*Dazzle EV+4 Stlth--}
 22567 | Snake:1  | Found Tiarphig's Magic Scroll Shop.
 22876 | Snake:1  | Found Kunot's Antique Armour Emporium.
 22925 | Snake:1  | Reached skill level 14 in Transmutations
 22925 | Snake:1  | Reached skill level 14 in Earth Magic
 23082 | Snake:1  | Found Syorr's General Store.
 23222 | Snake:1  | HP: 55/120 [naga warrior/+0 trident (24)]
 23556 | Snake:2  | Found Xiasheuz's Book Boutique.
 23560 | Snake:2  | Found Veuhor's Antique Armour Boutique.
 23587 | Snake:2  | HP: 52/120 [naga sharpshooter/arrow (16)]
 23755 | Snake:2  | Reached skill level 1 in Spellcasting
 23760 | Snake:2  | HP: 56/120 [naga/+0 halberd (15)]
 23765 | Snake:2  | HP: 43/120 [poisoned by a naga sharpshooter (splash of
                  | poison)]
 23771 | Snake:2  | HP: 39/120 [naga sharpshooter/arrow (10)]
 23780 | Snake:2  | HP: 50/120 [poisoned by a naga (splash of poison)]
 23785 | Snake:2  | HP: 48/120 [poisoned by a naga (splash of poison)]
 23854 | Snake:2  | Learned a level 3 spell: Lesser Beckoning
 23972 | Snake:2  | Reached skill level 1 in Translocations
 24251 | Snake:2  | Identified a scroll of acquirement
 24257 | Snake:2  | Reached skill level 2 in Translocations
 24317 | Snake:2  | Acquired 877 gold pieces
 24999 | Snake:3  | Reached skill level 2 in Spellcasting
 25102 | Snake:3  | HP: 77/156 [constriction (6)]
 25328 | Snake:3  | Reached skill level 3 in Translocations
 25409 | Snake:3  | Found a transporter.
 25423 | Snake:3  | Noticed blackman's ghost (journeyman DgWn)
 25426 | Snake:3  | Found a transporter.
 25437 | Snake:3  | Noticed a profane servitor
 25450 | Snake:3  | Found the +8 demon trident "Rift" {distort, reach+}
 25582 | Snake:3  | Reached skill level 3 in Spellcasting
 25751 | Snake:3  | Noticed Kirke
 25771 | Snake:3  | Noticed a sphinx
 25773 | Snake:3  | Killed Kirke
 25774 | Snake:3  | Gained mutation: You have hoof-like feet. [demonic
                  | ancestry]
 25774 | Snake:3  | Reached XP level 17. HP: 125/125 MP: 11/28
 26050 | Snake:4  | Entered Level 4 of the Snake Pit
 26074 | Snake:4  | Reached skill level 4 in Translocations
 26098 | Snake:4  | Found the ring of the Hare {EV+8}
 26189 | Snake:4  | Reached skill level 4 in Spellcasting
 26262 | Snake:4  | Reached skill level 15 in Transmutations
 26262 | Snake:4  | Reached skill level 15 in Earth Magic
 26902 | Snake:4  | Reached skill level 5 in Translocations
 26915 | Snake:4  | Identified the +0 scale mail "Xuv Ico" {rCorr MP-9 Dex+2}
 27123 | Snake:4  | Reached skill level 5 in Spellcasting
 27191 | Snake:4  | Reached skill level 6 in Translocations
 27211 | Snake:4  | Reached skill level 1 in Dodging
 27268 | Snake:4  | Reached skill level 2 in Dodging
 27386 | Snake:4  | Got a serpentine rune of Zot
 27632 | Shoals:1 | Entered Level 1 of the Shoals
 27871 | Shoals:1 | Learned a level 1 spell: Apportation
 27874 | Shoals:1 | Learned a level 2 spell: Blink
 28455 | Shoals:1 | Reached skill level 3 in Dodging
 28495 | Shoals:1 | Identified Roxanne's Guidebook on Changing
 28495 | Shoals:1 | Noticed Roxanne
 28559 | Shoals:1 | Identified the amulet of Syuri {Acrobat rF+ Dex+7}
 28917 | Shoals:2 | Identified the +2 ring mail "Ferushot" {*Corrode Regen+
                  | Str+3 Dex+7}
 29090 | Shoals:2 | You are sucked into a shaft and drop 1 floor!
 29102 | Shoals:3 | Reached skill level 10 in Fighting
 29180 | Shoals:2 | Noticed a kraken
 29191 | Shoals:2 | Killed a kraken
 29561 | Shoals:2 | Reached skill level 16 in Invocations
 29853 | Shoals:3 | Reached skill level 4 in Dodging
 29885 | Shoals:3 | Gained mutation: A meltable icy envelope protects you from
                  | harm. (AC +8) [demonic ancestry]
 29885 | Shoals:3 | Reached XP level 18. HP: 134/134 MP: 30/30
 30313 | Shoals:3 | Found Domy's Self-Improvement Boutique.
 30321 | Shoals:3 | Bought a manual of Fighting for 1440 gold pieces
 30618 | Shoals:3 | Noticed a tentacled monstrosity
 30625 | Shoals:3 | HP: 83/176 [great orb of eyes (12)]
 30626 | Shoals:3 | Killed a tentacled monstrosity
 30664 | Shoals:3 | Got the Almanac of Mad Ravings
 30666 | Shoals:3 | Identified the ring "Doipos" {rF+ Dex+5}
 30896 | Shoals:4 | Entered Level 4 of the Shoals
 30911 | Shoals:4 | Reached skill level 5 in Dodging
 30930 | Shoals:4 | Reached skill level 11 in Fighting
 30993 | Shoals:4 | Reached skill level 15 in Unarmed Combat
 31043 | Shoals:4 | Noticed Polyphemus
 31059 | Shoals:4 | Killed Polyphemus
 31149 | Shoals:4 | Reached skill level 6 in Dodging
 31150 | Shoals:4 | Reached skill level 12 in Fighting
 31178 | Shoals:4 | Noticed Donald
 31185 | Shoals:4 | Killed Donald
 31203 | Shoals:4 | Acquired 721 gold pieces
 31208 | Shoals:4 | Noticed Mara
 31212 | Shoals:4 | Noticed sleeves's illusion
 31221 | Shoals:4 | HP: 65/182 [sleeves's illusion (illusionary)/stone
                  | arrow[Mara] (29)]
 31360 | Shoals:4 | Got a barnacled rune of Zot
 31488 | Shoals:4 | Killed Mara
 32325 | D:11     | Bought the ring "Edoecwont" {rF++ Will+} for 693 gold
                  | pieces
 32339 | D:11     | Bought a book of the Warp for 714 gold pieces
 32344 | D:11     | Learned a level 4 spell: Manifold Assault
 32348 | D:11     | Learned a level 3 spell: Vhi's Electric Charge
 32374 | D:11     | Killed zishaf's ghost
 32375 | D:11     | Reached skill level 13 in Fighting
 32394 | D:11     | Acquired 745 gold pieces
 32518 | D:9      | Reached skill level 7 in Dodging
 32720 | Vaults:1 | Entered Level 1 of the Vaults
 32923 | Vaults:1 | Gained mutation: Your hexes are more powerful. [demonic
                  | ancestry]
 32923 | Vaults:1 | Reached XP level 19. HP: 151/151 MP: 28/31
 32947 | Vaults:1 | Reached skill level 7 in Translocations
 32950 | Vaults:1 | Reached skill level 14 in Fighting
 32965 | Vaults:1 | Reached skill level 8 in Dodging
 33033 | Vaults:1 | Reached skill level 16 in Unarmed Combat
 33417 | Vaults:1 | Found Potoiska's Antique Weapon Shoppe.
 33550 | Vaults:1 | Found a runed translucent gate.
 33550 | Vaults:1 | Found a runed translucent gate.
 33550 | Vaults:1 | Found an opulent altar of Gozag.
 33550 | Vaults:1 | Found a runed translucent gate.
 33551 | Vaults:1 | Found Xyotic's Assorted Antiques.
 33551 | Vaults:1 | Noticed Tollund's ghost (adept DjGl)
 33567 | Vaults:1 | Killed Tollund's ghost
 33568 | Vaults:1 | Reached skill level 15 in Fighting
 33572 | Vaults:1 | Reached skill level 8 in Translocations
 33649 | Vaults:1 | Bought a scroll of blinking for 225 gold pieces
 33971 | Vaults:2 | Reached skill level 9 in Dodging
 34002 | Vaults:2 | Found a large runed translucent door.
 34002 | Vaults:2 | Noticed Tang's ghost (master DsGl)
 34002 | Vaults:2 | Noticed Jeirass's ghost (legendary FoFi)
 34003 | Vaults:2 | Found a large runed translucent door.
 34326 | Vaults:2 | Reached skill level 16 in Fighting
 34353 | Vaults:2 | Reached skill level 9 in Translocations
 34363 | Vaults:2 | Noticed Bai Suzhen
 34373 | Vaults:2 | Killed Bai Suzhen
 34374 | Vaults:2 | Reached XP level 20. HP: 165/165 MP: 30/32
 34505 | Vaults:2 | Noticed Jory
 34513 | Vaults:2 | HP: 95/215 [Jory/+5 vorpal great sword (30)]
 34516 | Vaults:2 | Killed Jory
 34877 | Vaults:2 | Reached skill level 10 in Dodging
 34883 | Vaults:2 | Noticed Nikola
 34891 | Vaults:2 | Killed Nikola
 34962 | Vaults:2 | Identified the ring of Pasepsea {rPois Slay+3 SInv}
 35220 | Vaults:3 | Reached skill level 17 in Unarmed Combat
 35377 | Vaults:3 | Found a staircase to the Crypt.
 35512 | Vaults:3 | Found Zamigyu's Magic Scroll Shoppe.
 35537 | Vaults:3 | HP: 105/217 [acid (8)]
 35546 | Vaults:3 | Reached skill level 17 in Fighting
 35585 | Vaults:3 | Bought a scroll of fear for 60 gold pieces
 35585 | Vaults:3 | Bought a scroll of enchant armour for 112 gold pieces
 35585 | Vaults:3 | Bought a scroll of identify for 30 gold pieces
 35585 | Vaults:3 | Bought a scroll of identify for 30 gold pieces
 35656 | Vaults:3 | Reached skill level 10 in Translocations
 35752 | Vaults:3 | HP: 105/213 [vault warden/+0 great mace (16)]
 36177 | Vaults:3 | HP: 65/168 [vault warden/+2 great sword of holy wrath (36)]
 36624 | Vaults:3 | Reached skill level 11 in Dodging
 37029 | Vaults:4 | Noticed Zenata
 37043 | Vaults:4 | Killed Zenata
 37169 | Vaults:4 | Gained mutation: A meltable icy envelope protects you from
                  | harm. (AC +8) [demonic ancestry]
 37169 | Vaults:4 | Reached XP level 21. HP: 175/175 MP: 24/33
 37477 | Vaults:4 | Reached skill level 6 in Spellcasting
 37538 | Vaults:4 | Reached skill level 11 in Translocations
 38777 | Elf:1    | Entered Level 1 of the Elven Halls
 39021 | Elf:1    | Found Qetwamiw's Firing Range.
 39176 | Elf:1    | Noticed Frances
 39185 | Elf:1    | Killed Frances
 39207 | Elf:1    | Got the Secrets of the Commander
 39708 | Elf:1    | Learned a level 6 spell: Dispersal
 40403 | Elf:2    | Found a huge runed translucent gate.
 40403 | Elf:2    | Found a huge runed translucent gate.
 40403 | Elf:2    | Found a huge runed translucent gate.
 40403 | Elf:2    | Found a huge runed translucent gate.
 40406 | Elf:2    | Reached skill level 18 in Fighting
 40406 | Elf:2    | Reached skill level 1 in Necromancy
 40410 | Elf:2    | Found a huge runed translucent gate.
 40564 | Elf:3    | Entered Level 3 of the Elven Halls
 40616 | Elf:3    | Reached skill level 7 in Spellcasting
 40644 | Elf:3    | Found Oxkatt's Assorted Antiques.
 40648 | Elf:3    | Reached skill level 18 in Unarmed Combat
 41128 | Elf:3    | Reached skill level 12 in Dodging
 41128 | Elf:3    | Reached skill level 2 in Necromancy
 41336 | Elf:3    | Reached skill level 3 in Necromancy
 41425 | Elf:3    | Got the Incunable of Grisly Putrescence
 41841 | Elf:3    | Reached skill level 4 in Necromancy
 41862 | Elf:3    | Reached skill level 12 in Translocations
 41898 | Elf:3    | Identified the amulet "Tacusyz" {Faith Drain Fly Dex+9
                  | Stlth-}
 41992 | Elf:3    | Reached skill level 8 in Spellcasting
 42001 | Elf:3    | HP: 108/230 [deep elf master archer/arrow (20)]
 42013 | Elf:3    | HP: 55/177 [+1 trident of venom (6)]
 42037 | Elf:3    | Identified the +5 trident of the Messenger {flame, Int+3
                  | Stlth+}
 42037 | Elf:3    | Identified the amulet "Asmeu" {Acrobat Harm rElec Will-
                  | Dex-5}
 42084 | Elf:3    | Reached skill level 5 in Necromancy
 42346 | Elf:3    | Found the +7 Spriggan's Knife {stab, EV+4 Stlth+}
 42499 | Elf:3    | Got the Grimoire of the Magpie
 43207 | Crypt:1  | Entered Level 1 of the Crypt
 43210 | Crypt:1  | Noticed Khufu
 43219 | Crypt:1  | Noticed a royal mummy
 43220 | Crypt:1  | Killed Khufu
 43221 | Crypt:1  | Reached XP level 22. HP: 184/184 MP: 30/34
 43278 | Crypt:1  | Killed a royal mummy
 43279 | Crypt:1  | Reached skill level 6 in Necromancy
 43408 | Crypt:1  | Noticed Sojobo
 43416 | Crypt:1  | Paralysed by an air elemental for 1 turns
 43423 | Crypt:1  | Killed Sojobo
 43440 | Crypt:1  | Reached skill level 9 in Spellcasting
 43872 | Crypt:1  | Reached skill level 7 in Necromancy
 44338 | Crypt:2  | Reached skill level 13 in Translocations
 44414 | Crypt:2  | HP: 103/239 [??? (25)]
 44718 | Crypt:2  | Reached skill level 8 in Necromancy
 45075 | Crypt:3  | Entered Level 3 of the Crypt
 45202 | Crypt:3  | Reached skill level 10 in Spellcasting
 45411 | Crypt:3  | Found a basalt altar of Yredelemnul.
 45430 | Crypt:3  | Reached skill level 9 in Necromancy
 45540 | Crypt:3  | Got Easy Thaumaturgy
 45609 | Crypt:3  | Reached skill level 10 in Necromancy
 45617 | Crypt:3  | Found the +13 scythe of Curses {drain, Drain}
 45655 | Crypt:3  | Reached skill level 14 in Translocations
 45694 | Crypt:3  | Identified the +11 rapier of Foolhardiness {vamp, rF+ rC+}
 45827 | Crypt:3  | Found a staircase to the Tomb.
 45827 | Crypt:3  | Identified the ring "Iddythre" {+Blink rN+ SInv}
 45836 | Crypt:3  | Reached skill level 11 in Necromancy
 45877 | Crypt:3  | Identified the ring "Faffaug" {rN+ Int+4}
 45999 | Crypt:3  | Identified the +3 scimitar of Dung {drain, *Noise *Slow
                  | Str+4 Dex+8}
 46378 | D:15     | Killed Louise
 46619 | D:15     | Found a broken altar of Ashenzari.
 46726 | D:15     | Reached skill level 12 in Necromancy
 46881 | D:15     | Gained mutation: You have a pair of large horns on your
                  | head. [demonic ancestry]
 46881 | D:15     | Reached XP level 23. HP: 178/190 MP: 37/37
 47020 | Depths:1 | Entered Level 1 of the Depths
 47048 | Depths:1 | Found Xoam's Antique Armour Shoppe.
 47051 | Depths:1 | Found Jariessusagg's Jewellery Shoppe.
 47180 | Depths:1 | Found a gateway to Hell.
 47309 | Depths:1 | Reached skill level 13 in Necromancy
 48015 | Depths:2 | Reached skill level 14 in Necromancy
 48249 | Depths:2 | Found an ancient bone altar of Kikubaaqudgha.
 48442 | Depths:2 | Found a one-way gate leading to the halls of Pandemonium.
 48455 | Depths:2 | Reached skill level 15 in Necromancy
 48756 | Depths:2 | Reached skill level 16 in Necromancy
 48962 | Depths:2 | Noticed a juggernaut
 48970 | Depths:2 | Killed a juggernaut
 48976 | Depths:2 | Reached skill level 17 in Necromancy
 49204 | Depths:2 | Paralysed by a floating eye for 4 turns
 49261 | Depths:2 | Identified the +10 spear of Harmony {vorpal, Str+7}
 49632 | Depths:3 | Found a one-way gateway to a ziggurat.
 49688 | Depths:3 | Identified the +0 scale mail of Insecurity {rF+ Dex+4}
 49850 | Depths:3 | Reached skill level 18 in Necromancy
 49961 | Depths:3 | Noticed Mennas
 49979 | Depths:3 | Noticed a juggernaut
 50043 | Depths:3 | Killed Mennas
 50181 | Depths:3 | Noticed an ancient lich
 50282 | Depths:3 | Found a one-way gate to the infinite horrors of the Abyss.
 50314 | Depths:4 | Entered Level 4 of the Depths
 50374 | Depths:3 | Killed an ancient lich
 50375 | Depths:3 | Gained mutation: You have hooves in place of feet. [demonic
                  | ancestry]
 50375 | Depths:3 | Reached XP level 24. HP: 180/197 MP: 30/37
 50380 | Depths:3 | Reached skill level 19 in Necromancy
 50402 | Depths:3 | Identified the amulet of the Ornamental Lemon {Reflect
                  | Str+4 SH+5}
 50421 | Depths:3 | Identified the +3 mace of Oxtoonkau {freeze, Dex+4}
 50563 | Depths:4 | Learned a level 6 spell: Death Channel
 50572 | Depths:4 | Learned a level 8 spell: Infestation
 50601 | Depths:4 | Reached skill level 3 in Shields
 50627 | Depths:4 | Reached skill level 4 in Shields
 50635 | Depths:4 | Found a gate to the Realm of Zot.
 50839 | Depths:4 | Identified the +3 chain mail of Supple Strength {rElec}
 51015 | Depths:4 | Found Aschiv's General Store.
 51029 | Depths:4 | Reached skill level 5 in Shields
 51033 | Depths:4 | Reached skill level 20 in Necromancy
 51126 | Depths:4 | Bought a potion of resistance for 160 gold pieces
 51126 | Depths:4 | Bought a potion of cancellation for 128 gold pieces
 51238 | Depths:4 | Noticed Parghit
 51252 | Depths:4 | Killed Parghit
 51519 | Depths:4 | Reached skill level 6 in Shields
 51604 | Depths:4 | Identified the ring of Hadaom {Str+6 Stlth+}
 52076 | Vaults:5 | Entered Level 5 of the Vaults
 52076 | Vaults:5 | Noticed Saint Roka
 52160 | Vaults:4 | Reached skill level 21 in Necromancy
 52220 | Vaults:4 | Killed Saint Roka
 52242 | Vaults:5 | Identified the +4 hand axe "Boroidgh" {vamp, Will+}
 52331 | Vaults:5 | Reached skill level 22 in Necromancy
 52535 | Vaults:5 | Noticed an ancient lich
 52541 | Vaults:5 | Killed an ancient lich
 52602 | Vaults:5 | Gained mutation: Your melee attacks may debilitate your
                  | foes. [demonic ancestry]
 52602 | Vaults:5 | Reached XP level 25. HP: 204/204 MP: 37/37
 52688 | Vaults:5 | Got the Lessons on Mutated Embers
 52880 | Vaults:5 | Reached skill level 23 in Necromancy
 52895 | Vaults:5 | Identified the ring "Gougeoc" {+Blink rF+ Str+5}
 53003 | Vaults:5 | Identified the +0 robe of Jyceso {rF+ rC+ Regen+ Slay-5}
 53155 | Vaults:5 | Found the +3 pair of gauntlets of War {Slay+5}
 53241 | Vaults:5 | Got a silver rune of Zot
 53923 | Depths:3 | Voluntarily entered the Abyss.
 54080 | Abyss:5  | Reached skill level 24 in Necromancy
 54080 | Abyss:5  | HP: 92/184 [starcursed mass/accursed screaming (12)]
 54084 | Abyss:5  | Paralysed by accursed screaming for 1 turns
 54086 | Abyss:5  | Got an abyssal rune of Zot
 54098 | Abyss:5  | HP: 120/265 [starflower (1)]
 54103 | Abyss:5  | Killed an ancient lich
 54103 | Abyss:5  | HP: 111/265 [starcursed mass/accursed screaming (17)]
 54238 | Abyss:5  | Gained mutation: Your magical capacity is low. (-10% MP) [a
                  | cacodemon]
 54272 | Depths:3 | Escaped the Abyss
 54510 | D:11     | Bought the Collected Works on the Undead and Air for 1152
                  | gold pieces
 54519 | D:11     | Learned a level 8 spell: Necromutation
 54627 | D:13     | You showed the abyssal rune of Zot to enter a treasure
                  | trove
 54628 | Trove    | Entered a treasure trove
 54635 | Trove    | Identified the +3 kite shield of the Wumpus {rF+ Stlth+}
 54638 | Trove    | Identified the amulet of Iqipiux {Reflect Will- Str+4 Int+7
                  | SH+5}
 54640 | Trove    | Identified the amulet "Pakkur" {Spirit rC+}
 54658 | Trove    | Identified the ring "Ilev" {Will+ Int+4}
 54662 | Trove    | Identified the +4 glaive of Tafoeh {vorpal, rF+ Dex+4
                  | Stlth+}
 55048 | Lair:4   | Found a staircase to the Slime Pits.
 55093 | Slime:1  | Entered Level 1 of the Pits of Slime
 55097 | Slime:1  | Reached skill level 25 in Necromancy
 55143 | Slime:5  | Entered Level 5 of the Pits of Slime
 56692 | Slime:2  | Reached skill level 11 in Spellcasting
 56984 | Slime:1  | Found a viscous altar of Jiyva.
 57721 | Slime:5  | Acquired 1019 gold pieces
 57795 | Slime:5  | Noticed the Royal Jelly
 57817 | Slime:5  | HP: 122/263 [the Royal Jelly (11)]
 57818 | Slime:5  | Killed the Royal Jelly
 57822 | Slime:5  | HP: 56/204 [acid blob/splash of acid (10)]
 58230 | Slime:5  | Identified the +1 cloak of Roavumi {Dex+5}
 58277 | Slime:5  | Got a slimy rune of Zot
 58358 | Slime:5  | Learned a level 4 spell: Passage of Golubria
 58720 | Hell     | Entered the Vestibule of Hell
 58720 | Hell     | Noticed Geryon
 59116 | Hell     | Killed Geryon
 59123 | Hell     | Reached skill level 12 in Spellcasting
 59146 | Hell     | Reached XP level 26. HP: 211/211 MP: 32/35
 59150 | Hell     | Reached skill level 26 in Necromancy
 59163 | Hell     | HP: 120/274 [reaper/+2 vorpal scythe (25)]
 59168 | Depths:1 | HP: 107/274 [sun demon[a balrug] (10)]
 59416 | Hell     | Found a gateway to the freezing wastes of Cocytus.
 59511 | Hell     | Found a gateway to the Iron City of Dis.
 59650 | Hell     | Found a gateway to the ashen valley of Gehenna.
 59733 | Hell     | Found a gateway to the decaying netherworld of Tartarus.
 59996 | Zot:1    | Entered Level 1 of the Realm of Zot
 60051 | Zot:1    | Found the +4 dragonskin cloak
 60051 | Zot:1    | Noticed Tiamat
 60245 | Zot:1    | Killed Tiamat
 60246 | Zot:1    | Reached skill level 13 in Spellcasting
 61222 | Zot:2    | Reached skill level 14 in Spellcasting
 61228 | Zot:2    | Reached skill level 27 in Necromancy
 61355 | Zot:2    | HP: 136/274 [storm dragon (11)]
 61487 | Zot:2    | Found a transporter.
 61492 | Zot:2    | Identified the +5 plate armour of Orrel {+Inv}
 61515 | Zot:2    | Found a transporter.
 62344 | Zot:2    | Reached skill level 15 in Spellcasting
 62344 | Zot:2    | HP: 113/274 [golden dragon (30)]
 62345 | Zot:2    | HP: 48/274 [golden dragon (9)]
 62664 | Zot:2    | Learned a level 9 spell: Death's Door
 63043 | Zot:3    | HP: 136/274 [something (24)]
 63049 | Zot:3    | HP: 125/276 [red draconian/+0 halberd[a black draconian
                  | knight] (8)]
 63656 | Zot:4    | HP: 81/213 [purple draconian/bolt of dispelling energy[a
                  | black draconian knight] (49)]
 63956 | Zot:4    | Gained mutation: You are surrounded by an aura of silence.
                  | [demonic ancestry]
 63956 | Zot:4    | Reached XP level 27. HP: 220/220 MP: 18/37
 63987 | Zot:4    | Reached skill level 19 in Fighting
 64319 | Zot:4    | Reached skill level 19 in Unarmed Combat
 64831 | Zot:4    | Noticed Vv
 64839 | Zot:4    | HP: 90/288 [Vv (66)]
 64844 | Zot:4    | HP: 101/288 [Vv (23)]
 64846 | Zot:4    | HP: 47/288 [Vv (12)]
 64846 | Zot:4    | HP: 17/288 [Vv (30)]
 64847 | Zot:4    | Killed Vv
 65636 | Zot:5    | Entered Level 5 of the Realm of Zot
 65713 | Zot:5    | Reached skill level 7 in Shields
 66272 | Zot:5    | Noticed an ancient lich
 66282 | Zot:5    | Killed an ancient lich
 66342 | Zot:5    | Reached skill level 8 in Shields
 66412 | Zot:5    | Noticed an orb of fire
 66427 | Zot:5    | Killed an orb of fire
 66520 | Zot:5    | Noticed an orb of fire
 66526 | Zot:5    | Gained mutation: Armour fits poorly on your strangely
                  | shaped body. [an orb of fire]
 66526 | Zot:5    | Gained mutation: You occasionally lose the ability to drink
                  | potions when taking damage. [an orb of fire]
 66528 | Zot:5    | Killed an orb of fire
 66539 | Zot:5    | Reached skill level 20 in Fighting
 66633 | Zot:5    | Noticed an ancient lich
 66641 | Zot:5    | Noticed an orb of fire
 66642 | Zot:5    | Reached skill level 9 in Shields
 66643 | Zot:5    | Killed an ancient lich
 66643 | Zot:5    | Noticed an ancient lich
 66644 | Zot:5    | Noticed an orb of fire
 66645 | Zot:5    | Noticed an orb of fire
 66645 | Zot:5    | Noticed a dread lich
 66649 | Zot:5    | Noticed an ancient lich
 66652 | Zot:5    | Killed an orb of fire
 66691 | Zot:5    | Reached skill level 20 in Unarmed Combat
 66707 | Zot:5    | Killed an orb of fire
 66750 | Zot:5    | Killed an orb of fire
 66836 | Zot:5    | Killed an ancient lich
 66877 | Zot:5    | Killed an ancient lich
 66948 | Zot:5    | Killed a dread lich
 66949 | Zot:5    | Reached skill level 10 in Shields
 67710 | Shoals:3 | Bought a manual of Armour for 1440 gold pieces
 67710 | Shoals:3 | Bought a manual of Armour for 1440 gold pieces
 67850 | Snake:1  | Bought a scroll of teleportation for 54 gold pieces
 67850 | Snake:1  | Bought a scroll of teleportation for 54 gold pieces
 67850 | Snake:1  | Bought a scroll of enchant armour for 135 gold pieces
 67850 | Snake:1  | Bought a scroll of amnesia for 72 gold pieces
 67960 | Snake:3  | Killed blackman's ghost
 67973 | Snake:3  | Identified the +2 glaive of the Foremost Friends {flame,
                  | rPois Str+8 Int-5 Dex-3}
 68427 | Depths:3 | Voluntarily entered the Abyss.
 68478 | Abyss:5  | Paralysed by accursed screaming for 1 turns
 68606 | Abyss:5  | Reached skill level 6 in Armour
 68626 | Abyss:5  | Reached skill level 11 in Shields
 68662 | Abyss:5  | Noticed an ancient lich
 68676 | Abyss:5  | Killed an ancient lich
 68677 | Abyss:5  | Reached skill level 7 in Armour
 68781 | Abyss:5  | Reached skill level 8 in Armour
 68875 | Abyss:5  | Reached skill level 9 in Armour
 68937 | Abyss:5  | Reached skill level 12 in Shields
 68998 | Abyss:5  | Reached skill level 10 in Armour
 69213 | Abyss:5  | Paralysed by accursed screaming for 2 turns
 69297 | Abyss:5  | Reached skill level 11 in Armour
 69422 | Abyss:5  | Reached skill level 13 in Shields
 69509 | Abyss:6  | Reached skill level 12 in Armour
 69609 | Abyss:6  | Paralysed by accursed screaming for 1 turns
 69624 | Abyss:6  | Reached skill level 13 in Armour
 69628 | Abyss:6  | Paralysed by accursed screaming for 1 turns
 69632 | Depths:3 | Escaped the Abyss
 69659 | Depths:3 | Lost mutation: Armour fits poorly on your strangely shaped
                  | body. [potion of mutation]
 69659 | Depths:3 | Lost mutation: You occasionally lose the ability to drink
                  | potions when taking damage. [potion of mutation]
 69659 | Depths:3 | Gained mutation: Your flesh is cold resistant. (rC+)
                  | [potion of mutation]
 69659 | Depths:3 | Gained mutation: You are partially covered in large bone
                  | plates. (SH +4) [potion of mutation]
 70228 | Zot:5    | Got the Orb of Zot
 70408 | Depths:3 | Noticed Abokh the pandemonium lord
 70417 | Depths:3 | Killed Abokh the pandemonium lord
 70728 | D:11     | Reached skill level 14 in Shields
 70729 | D:11     | Reached skill level 14 in Armour
 70826 | D:9      | HP: 102/226 [??? (100)]
 70858 | D:9      | Noticed Kako the pandemonium lord
 70916 | D:8      | HP: 144/293 [daeva/+5 eudemon blade of holy wrath (11)]
 71266 | D:2      | Reached skill level 15 in Armour
 71331 | D:$      | Escaped with the Orb!

Illustrated notes

Levels and vault maps discovered:
D:1:      minmay_arrival_five_plusses, layout_basic, minmay_misc_feat_iff
D:2:      minmay_chambers_of_twos, layout_basic, basic_altar,
          wander_ebering_terrifying_dragon_lair, uniq_terence
D:3:      minmay_general_purpose_star, layout_loops_corners,
          shapermc_ecumenical_altar_mp_ritualfount, hangedman_decor_slide_cut,
          minmay_misc_feat_chi
D:4:      layout_gridville, nicolae_titane
D:5:      layout_layer_cave, minmay_strange_pillars
D:6:      layout_gridville, minmay_temple_entry_trees, serial_shops, shop,
          uniq_sigmund
D:7:      layout_rooms, lemuel_coloured_pillars_altar, uniq_maggie, uniq_pikel,
          uniq_prince_ribbit1, uniq_menkaure
D:8:      layout_basic, serial_shops, nicolae_square_shop, kennysheep_donut,
          grunt_ogre_cave, minmay_strange_pillars
D:9:      layout_loops_ring, gammafunk_temple_overflow_arena, dpeg_lair_monsters
D:10:     cheibrodos_steamvent, layout_loops_ring, grunt_dithmenos_shadows
D:11:     minmay_octagon_keep, layout_irregular_city, erik_orc_1,
          gammafunk_ghost_ooze, serial_shops, shop,
          nicolae_shop_i_like_big_books, nicolae_shop_unique_rings,
          grunt_ministairs_4, brannock_xom_greatest_gift
D:12:     cheibrodos_shockbox, layout_rooms
D:13:     layout_irregular_city, enter_trove_1
D:14:     layout_rooms, david_vaults_1, special_room [special_room_orc],
          chequers_serial_rivers_small_a
D:15:     grunt_enter_depths_magical_seal, layout_long_grid,
          cheibrodos_ashenzari_chains, serial_ice, serial_ice_o, serial_ice_c,
          serial_ice_m, serial_ice_n, serial_ice_a, serial_ice_g, serial_ice_h,
          serial_ice_j, portal_ice_cave_entry_horrid_things, uniq_louise
Temple:   nicolae_temple_bog_church
Lair:1:   layout_regular_city
Lair:2:   layout_cave_pods, elwin_shoals_entry_rocks, dummy_snake_entry,
          uniq_gastronok
Lair:3:   layout_misc_corridors, gauntlet_entry_generic, lemuel_centaur_altar
Lair:4:   layout_long_grid, minmay_slime_entry_oklob_enclosed, basic_altar,
          serial_bayou_shore_b, infiniplex_staircase_pool_2,
          serial_bayou_shore_b, serial_bayou_shore_b
Lair:5:   cheibrodos_lair_end_hotspot, layout_cellular_growth, disabler_island
Shoals:1: layout_shoals, kb_tengu_band, uniq_roxanne
Shoals:2: layout_shoals
Shoals:3: dreamdust_from_the_deep, layout_shoals, nicolae_shop_self_help
Shoals:4: shoals_end_grunt_ice, layout_shoals, uniq_mara, uniq_polyphemus,
          uniq_donald
Snake:1:  layout_onion_interference, serial_shops,
          nicolae_shop_advertising_works [nicolae_subvault_shop_adworks],
          nicolae_shop_window_shopping, shop_coins, nicolae_lakefront_shop,
          grunt_megastairs_2
Snake:2:  layout_layer_cave, serial_bayou, serial_bayou_shore_a,
          serial_bayou_shore_b, serial_bayou_lake_a, serial_bayou_lagoon_a,
          grunt_ministairs_9, minmay_shop_star
Snake:3:  layout_gridlike, gammafunk_ghost_abyssal_escape,
          nicolae_snake_salamander_stairs, serial_bayou_shore_b, uniq_kirke
Snake:4:  snake_pit_salamanders_mu, layout_cave_town
Slime:1:  layout_caves, basic_altar
Slime:2:  layout_caves
Slime:3:  layout_caves
Slime:4:  layout_caves, cheibrodos_slime_lost_civilization_7
Slime:5
Orc:1:    layout_caves, minmay_orc_treasury
Orc:2:    st_orc_mages, layout_caves, nicolae_volcano_entry_batcave, elf_legates
Elf:1:    minmay_elf_arrival_circle, layout_gridlike, special_room
          [special_room_orc], minmay_elf_demonology, nicolae_shop_firing_range,
          uniq_frances
Elf:2:    elven_hall_of_blades_hangedman_alternative
          [nicolae_blade_entry_floor_patterns], layout_gridlike,
          nrook_mini_backslash
Elf:3:    nooodl_elf_gasket, layout_geoelf_castle, serial_shops,
          nicolae_shop_overgrown_old_shop
Vaults:1: ebering_ghost_gozag, ontoclasm_vaults_eye,
          nicolae_vaults_big_angled_halls, vaults_mumra_lcd, v_misc_27,
          nicolae_vaults_border_crossing, hangedman_vaults_corner,
          vaults_mumra_hex, v_misc_19, hangedman_vaults_stream,
          ontoclasm_vaults_pinch, ontoclasm_vaults_decontamination,
          layout_vaults_omnibox, serial_shops, nicolae_lakefront_shop
Vaults:2: advil_vaults_ghost_guards, hangedman_vaults_hat, grunt_vaults_swirl,
          v_alt_pattern_6, vaults_mumra_minichess, st_smaller_cells,
          hangedman_vaults_river_flow, ontoclasm_vaults_chip,
          nicolae_vaults_little_squares_6, ontoclasm_vaults_shuriken,
          layout_vaults_maze_snakey, uniq_nikola, uniq_bai_suzhen, uniq_jory
Vaults:3: minmay_crypt_entry_vampire_xt, hangedman_vaults_capsules, v_misc_24,
          vaults_room_guarded_vault, ontoclasm_vaults_claustrophobia,
          nicolae_vaults_ring_of_whatevers, grunt_vaults_hallway_long,
          vaults_room_grunt_arrival_ludios, nicolae_vaults_little_squares_1,
          vaults_room_door_ring, hangedman_vaults_restitches, vaults_dpeg_ring,
          layout_vaults_omnicross, serial_shops, shop_statue
Vaults:4: grunt_vaults_focal, dpeg_vaults_monster_box, v_pattern_1, v_misc_27,
          nicolae_vaults_shelves_hall, v_misc_18, vaults_room_semicircle,
          layout_vaults_quadrants, uniq_zenata
Vaults:5: serial_shops, uniq_saint_roka
Crypt:1:  layout_chaotic_city, uniq_khufu, uniq_sojobo
Crypt:2:  layout_misc_corridors
Crypt:3:  grunt_crypt_end_deaths_head
Depths:1: layout_gridlike, hell_entry, kennysheep_decorative_pillar,
          nicolae_wooded_promenade, serial_bayou_crossing,
          nicolae_triple_integral
Depths:2: angbandy_vault, layout_gridlike, lemuel_doored_altar,
          grunt_pan_entry_sceptre, hell_entry, kennysheep_doodads,
          infiniplex_staircase_pool_lava
Depths:3: evilmike_inaccessible_box, layout_cave_pools, enter_ziggurat_e,
          minmay_room_of_horrors, hell_entry, grunt_pan_entry_zigzag,
          infiniplex_staircase_door_maze, uniq_mennas
Depths:4: grunt_zot_entry_alcove, layout_gridville, glass_columns_b,
          lightli_too_deep, hangedman_abyss_entry_splay, serial_shops,
          nicolae_shop_hallway_plus, chequers_serial_rivers_small_b,
          uniq_parghit
Hell
Zot:1:    minmay_elemental_castle, layout_misc_corridors, uniq_tiamat
Zot:2:    gammafunk_the_bubble [the_bubble_gammafunk_split], layout_gridlike
Zot:3:    layout_basic
Zot:4:    kennysheep_spiral_hall, layout_cathedral_of_symmetry, uniq_vv
Zot:5:    layout_twisted_circle, hangedman_zot_diagonal_lockstep,
          grunt_ministairs_15

Skill      XL: |  1  2  3  4  5  6  7  8  9 10 11 12 13 14 15 16 17 18 19 20 21 22 23 24 25 26 27 |
---------------+----------------------------------------------------------------------------------+-----
Polearms       | 2 3 |  3.2
Unarmed Combat | 1 3 4 6 7 9 10 11 12 13 14 15 16 17 18 20 | 20.3
Armour         | 3 4 5 15 | 15.0
Invocations    | 2 5 8 10 12 13 15 16 | 16.0
Fighting       | 5 6 7 9 10 13 16 17 18 20 | 20.7
Earth Magic    | 4 6 7 9 10 13 14 15 | 15.0
Transmutations | 4 6 7 9 10 13 14 15 | 15.0
Spellcasting   | 3 5 8 10 12 15 | 15.0
Translocations | 3 6 9 10 12 14 | 14.0
Dodging        | 4 7 9 11 12 | 12.0
Necromancy     | 5 12 18 22 25 27 | 27.0
Shields        | 6 14 | 14.5

Action                   |  1- 3 |  4- 6 |  7- 9 | 10-12 | 13-15 | 16-18 | 19-21 | 22-24 | 25-27 || total
-------------------------+-------+-------+-------+-------+-------+-------+-------+-------+-------++-------
Melee: Trident           |   110 |   119 |       |       |       |       |       |       |       ||   229
       Headbutt          |     6 |    34 |    44 |   138 |   340 |   406 |   426 |   447 |   816 ||  2657
       Unarmed           |       |   122 |   254 |   596 |  1247 |  1354 |  1206 |  1345 |  2136 ||  8260
       Touch             |       |       |    34 |   115 |   290 |   286 |   273 |   290 |   455 ||  1743
       Punch             |       |       |    15 |    47 |   135 |   161 |   191 |   202 |   390 ||  1141
       Kick              |       |       |       |       |       |   244 |   480 |   664 |  1266 ||  2654
Throw: Throwing net      |       |       |       |     4 |     3 |       |       |       |       ||     7
 Cast: Stone Arrow       |       |       |       |       |       |    23 |       |       |       ||    23
       Statue Form       |       |       |       |       |       |    39 |    67 |    86 |    97 ||   289
       Manifold Assault  |       |       |       |       |       |       |     5 |     2 |     7 ||    14
       Vhi's Electric Ch |       |       |       |       |       |       |     3 |       |       ||     3
       Lesser Beckoning  |       |       |       |       |       |       |    39 |    25 |   132 ||   196
       Infestation       |       |       |       |       |       |       |       |     6 |       ||     6
       Necromutation     |       |       |       |       |       |       |       |       |    34 ||    34
       Dispersal         |       |       |       |       |       |       |       |       |     3 ||     3
       Passage of Golubr |       |       |       |       |       |       |       |       |     3 ||     3
Invok: Minor Destruction |       |       |       |     8 |    17 |     2 |       |       |       ||    27
       Greater Servant o |       |       |       |       |     1 |     1 |       |       |       ||     2
 Abil: End Transformatio |       |       |       |       |       |     5 |     6 |     5 |    28 ||    44
Evoke: Wand              |       |       |       |       |     8 |       |       |     1 |     2 ||    11
       Phantom mirror    |       |       |       |       |     1 |       |       |     1 |       ||     2
       Lightning rod     |       |       |       |       |     4 |       |       |       |       ||     4
       Phial of floods   |       |       |       |       |       |       |       |     1 |     1 ||     2
  Use: Scroll            |       |       |       |     8 |     9 |    14 |    13 |     7 |    28 ||    79
       Potion            |       |       |       |     1 |       |     3 |       |     3 |    13 ||    20
 Stab: Held in net/web   |       |       |       |     2 |       |       |       |       |       ||     2
       Petrified         |       |       |       |       |     3 |     6 |       |       |     2 ||    11
       Distracted        |       |       |       |       |     4 |     1 |       |     5 |       ||    10
       Paralysed         |       |       |       |       |     3 |       |       |       |     1 ||     4
       Invisible         |       |       |       |       |       |    52 |    51 |    64 |    61 ||   228
Armor: Scale mail        |    46 |    74 |    61 |       |       |       |       |       |       ||   181
       Acid dragon scale |       |       |    16 |    46 |       |       |       |       |       ||    62
       Swamp dragon scal |       |       |       |   242 |   669 |   207 |       |       |       ||  1118
       Skin              |       |       |       |       |       |   313 |   328 |   553 |   850 ||  2044
       Robe              |       |       |       |       |       |    22 |    22 |    27 |    33 ||   104
       Ice dragon scales |       |       |       |       |       |       |       |       |   193 ||   193
Dodge: Dodged            |    42 |    78 |    86 |   262 |   482 |  1743 |  2035 |  2689 |  3294 || 10711
Block: Buckler           |    15 |    40 |       |       |       |       |       |       |       ||    55
       Other             |       |       |    33 |    67 |   144 |   271 |   214 |   325 |   401 ||  1455
       Kite shield       |       |       |       |       |       |       |       |    22 |       ||    22

Table legend: (Time is in decaauts)
 A = Elapsed time spent in this place.
 B = Non-inter-level travel time spent in this place.
 C = Inter-level travel time spent in this place.
 D = Time resting spent in this place.
 E = Time spent auto-exploring this place.
 F = Levels seen in this place.
 G = Mean time per level.
                   A        B        C        D        E       F      G
               +--------+--------+--------+--------+--------+-----+--------+
         Total |  74780 |  64828 |   9952 |   4772 |  42639 |  66 | 1133.0 |
       Dungeon |  17664 |  13777 |   3887 |    495 |   9728 |  15 | 1177.6 |
        Temple |    208 |    170 |     38 |      0 |    155 |   1 |  208.0 |
          Lair |   6146 |   4924 |   1222 |    188 |   3307 |   5 | 1229.2 |
        Shoals |   5088 |   4264 |    824 |     75 |   3186 |   4 | 1272.0 |
     Snake Pit |   5594 |   5063 |    531 |    280 |   3654 |   4 | 1398.5 |
    Slime Pits |   3306 |   3118 |    188 |    806 |   1717 |   5 |  661.2 |
  Orcish Mines |   2092 |   1778 |    314 |     11 |   1050 |   2 | 1046.0 |
   Elven Halls |   3978 |   3724 |    254 |    197 |   2569 |   3 | 1326.0 |
        Vaults |   8285 |   7517 |    768 |    558 |   4906 |   5 | 1657.0 |
         Crypt |   3388 |   3278 |    110 |     54 |   2379 |   3 | 1129.3 |
        Depths |   7252 |   6079 |   1173 |    680 |   3898 |   4 | 1813.0 |
          Hell |    861 |    832 |     29 |      0 |    498 |   1 |  861.0 |
           Zot |   8402 |   7794 |    608 |   1372 |   4870 |   5 | 1680.4 |
         Abyss |   1754 |   1754 |      0 |     50 |    376 |   6 |  292.3 |
         Trove |     45 |     45 |      0 |      0 |      4 |   1 |   45.0 |
       Volcano |    371 |    371 |      0 |      0 |    192 |   1 |  371.0 |
      Gauntlet |    339 |    339 |      0 |      3 |    145 |   1 |  339.0 |
               +--------+--------+--------+--------+--------+-----+--------+

Top non-repeatable levels by time:
    D:11: 2282 daAuts
   Elf:3: 2237 daAuts
Vaults:3: 2131 daAuts
Depths:2: 2100 daAuts
   Zot:4: 2015 daAuts
   Zot:5: 1996 daAuts
Depths:1: 1942 daAuts
Depths:4: 1799 daAuts
    D:15: 1762 daAuts
   Zot:2: 1715 daAuts
  Lair:5: 1638 daAuts
 Snake:4: 1588 daAuts
Vaults:4: 1572 daAuts
Vaults:2: 1560 daAuts
Vaults:5: 1521 daAuts
